 Dungeon Crawl Stone Soup version 0.31-a0-1029-ge8c24b2130 (webtiles) character file.

Game seed: 7936620227691938231

1764656 Gonzollydolly the Wrestler (level 27, 322/322 HPs)
             Began as a Troll Chaos Knight on Nov 12, 2023.
             Was a Favourite Plaything of Xom.
             Escaped with the Orb
             ... and 3 runes on Nov 18, 2023!
             The game lasted 06:47:45 (63837 turns).

Gonzollydolly the Wrestler (Troll Chaos Knight)    Turns: 63837, Time: 06:47:46

Health: 322/322    AC: 35    Str: 32      XL:     27
Magic:  24/24      EV: 10    Int:  6 (8)  God:    Xom [*.....]
Gold:   4482       SH: 16    Dex: 19 (22) Spells: 26/26 levels left

rFire   + +          .
                       - Unarmed
rCold   + . .        a - +1 kite shield {AC+3}
rNeg    . . .        d - +7 gold dragon scales
rPois   +            U - +2 hat
rElec   .            i - scarf "Bojeinn" {shadows, rF+ rCorr}
rCorr   +            (gloves unavailable)
SInv    +            (boots unavailable)
Will    ++...        y - amulet of Vitality {RegenMP++ Regen++} Stlth
                     P - ring of the Final Decision {Dex+3 SInv}
HPRegen 3.13/turn    V - ring of protection from fire
MPRegen 0.99/turn

%: clarity
@: studying 2 skills
A: large, unfitting armour, claws 3, regeneration 1, shaggy fur 1, tough skin 1,
thin skeletal structure 3, clarity, high MP 1, sense surroundings 1, robust 1,
screaming 1, weak 1, heat vulnerability 1, inability to read after injury 1
0: Orb of Zot
}: 3/15 runes: decaying, serpentine, slimy
a: Renounce Religion


You escaped.
You worshipped Xom.
You were a special plaything of Xom.
You visited 12 branches of the dungeon, and saw 55 of its levels.
You also visited: Trove, Bailey and Wizlab.

You collected 9895 gold pieces.
You spent 5413 gold pieces at shops.

Inventory:

Missiles
 n - 9 silver javelins
 s - 57 large rocks (quivered)
 D - 24 javelins
 E - 11 curare-tipped darts
 W - 6 throwing nets
Armour
 a - a +1 kite shield of protection (worn)
 d - +7 gold dragon scales (worn)
 i - the scarf "Bojeinn" (worn) {shadows, rF+ rCorr}
   (You acquired it on level 10 of the Dungeon)

   rF+:       It protects you from fire.
   rCorr:     It protects you from acid and corrosion.
 q - the +10 tower shield of Ignorance {rN+ Int-4}
   (You found it on level 3 of the Crypt)

   Int-4:     It affects your intelligence (-4).
   rN+:       It protects you from negative energy.
 U - a +2 hat (worn)
Jewellery
 c - the amulet "Neak" {rF+ rN+ Regen+}
   (You found it on level 2 of the Orcish Mines)

   [amulet of regeneration]

   rF+:       It protects you from fire.
   rN+:       It protects you from negative energy.
   Regen+:    It increases your rate of health regeneration.
 m - a ring of positive energy
 p - a ring of protection from cold
 y - the amulet of Vitality (around neck) {RegenMP++ Regen++}
   (You found it in a treasure trove)

   [amulet of magic regeneration]

   RegenMP:   It increases your rate of magic regeneration.
   Regen++:   It increases your rate of health regeneration.
 A - a +6 ring of dexterity
 M - a ring of flight
 O - the ring of Crawling {rElec Will+ Str+2 Int-4 Dex+6}
   (You found it on level 15 of the Dungeon)

   [ring of dexterity]

   Str+2:     It affects your strength (+2).
   Int-4:     It affects your intelligence (-4).
   Dex+6:     It affects your dexterity (+6).
   rElec:     It insulates you from electricity.
   Will+:     It increases your willpower.
 P - the ring of the Final Decision (left claw) {Dex+3 SInv}
   (You bought it in a shop on level 3 of the Snake Pit)

   [ring of see invisible]

   Dex+3:     It affects your dexterity (+3).
   SInv:      It lets you see invisible.
 Q - a +4 ring of protection
 V - a ring of protection from fire (right claw)
Wands
 r - a wand of paralysis (41)
 C - a wand of roots (25)
 G - a wand of acid (30)
 K - a wand of digging (16)
Scrolls
 b - a scroll of butterflies
 j - 14 scrolls of teleportation
 o - 2 scrolls of silence
 w - 13 scrolls of poison
 z - 5 scrolls of blinking
 I - a scroll of revelation
 N - 4 scrolls of summoning
 T - 13 scrolls of fog
 Z - 3 scrolls of fear
Potions
 e - 3 potions of resistance
 f - 5 potions of might
 g - 3 potions of berserk rage
 h - 4 potions of cancellation
 k - 4 potions of haste
 l - 16 potions of curing
 t - 11 potions of enlightenment
 x - a potion of invisibility
 B - 2 potions of mutation
 J - 7 potions of heal wounds
 X - a potion of ambrosia
Miscellaneous
 u - a lightning rod (4/4)
 v - a sack of spiders
 L - a tin of tremorstones (2/2)
 R - a phial of floods
 S - a phantom mirror


   Skills:
 + Level 20.4 Fighting
 - Level 20.0 Throwing
 + Level 17.1 Armour
 - Level 11.9 Dodging
 - Level 16.5 Shields
 - Level 23.0 Unarmed Combat
 - Level 12.0 Evocations


You had 26 spell levels left.
You didn't know any spells.
Your spell library contained the following spells:

 Spells                   Type           Power      Damage    Failure   Level
 Apportation              Tloc           0%         N/A       100%        1
 Foxfire                  Conj/Fire      0%         2x1d4     100%        1
 Freeze                   Ice            0%         1d3       100%        1
 Magic Dart               Conj           0%         1d3       100%        1
 Necrotise                Necr           0%         1d4       100%        1
 Sandblast                Erth           0%         2d4       100%        1
 Shock                    Conj/Air       0%         1d3       100%        1
 Slow                     Hex            0%         N/A       100%        1
 Sting                    Tmut/Pois      0%         1d3       100%        1
 Summon Small Mammal      Summ           0%         N/A       100%        1
 Blink                    Tloc           0%         N/A       100%        2
 Call Imp                 Summ           0%         N/A       100%        2
 Cigotuvi's Dreadful Rot  Necr/Pois/Air  0%         N/A       100%        2
 Ensorcelled Hibernation  Hex/Ice        0%         N/A       100%        2
 Jinxbite                 Hex            0%         N/A       100%        2
 Lesser Beckoning         Tloc           0%         N/A       100%        2
 Momentum Strike          Conj/Tloc      0%         3d8       100%        2
 Passwall                 Tmut/Erth      0%         N/A       100%        2
 Poisonous Vapours        Pois/Air       0%         N/A       100%        2
 Searing Ray              Conj           0%         2d4       100%        2
 Static Discharge         Conj/Air       0%         3-3/arc   100%        2
 Wereblood                Tmut           0%         N/A       100%        2
 Call Canine Familiar     Summ           0%         N/A       100%        3
 Confusing Touch          Hex            0%         N/A       100%        3
 Dazzling Flash           Conj/Hex       0%         N/A       100%        3
 Frozen Ramparts          Ice            0%         1d1       100%        3
 Hailstorm                Conj/Ice       0%         3d3       100%        3
 Ignite Poison            Fire/Tmut/Pois 0%         N/A       100%        3
 Inner Flame              Hex/Fire       0%         N/A       100%        3
 Mephitic Cloud           Conj/Pois/Air  0%         N/A       100%        3
 Ozocubu's Armour         Ice            0%         N/A       100%        3
 Sigil of Binding         Hex            0%         N/A       100%        3
 Stone Arrow              Conj/Erth      0%         3d7       100%        3
 Summon Guardian Golem    Hex/Summ       0%         N/A       100%        3
 Swiftness                Air            0%         N/A       100%        3
 Tukima's Dance           Hex            0%         N/A       100%        3
 Vampiric Draining        Necr           0%         2d6       100%        3
 Volatile Blastmotes      Fire/Tloc      0%         2d10      100%        3
 Airstrike                Air            0%         2d(0-16)  100%        4
 Animate Dead             Necr           0%         N/A       100%        4
 Brom's Barrelling Bould  Conj/Erth      0%         2d3       100%        4
 Cause Fear               Hex            0%         N/A       100%        4
 Dimensional Bullseye     Hex/Tloc       0%         N/A       100%        4
 Dispel Undead            Necr           0%         3d6       100%        4
 Fulminant Prism          Conj/Hex       0%         3d5       100%        4
 Iskenderun's Mystic Bla  Conj/Tloc      0%         2d3       100%        4
 Leda's Liquefaction      Hex/Erth       0%         N/A       100%        4
 Olgreb's Toxic Radiance  Pois           0%         N/A       100%        4
 Passage of Golubria      Tloc           0%         N/A       100%        4
 Petrify                  Tmut/Erth      0%         N/A       100%        4
 Sticky Flame             Conj/Fire      0%         2d3       100%        4
 Summon Ice Beast         Ice/Summ       0%         N/A       100%        4
 Summon Lightning Spire   Summ/Air       0%         N/A       100%        4
 Vhi's Electric Charge    Tloc/Air       0%         N/A       100%        4
 Agony                    Necr           0%         N/A       100%        5
 Alistair's Intoxication  Tmut/Pois      0%         N/A       100%        5
 Arcjolt                  Conj/Air       0%         1d10      100%        5
 Borgnjor's Vile Clutch   Necr/Erth      0%         N/A       100%        5
 Fireball                 Conj/Fire      0%         3d3       100%        5
 Freezing Cloud           Conj/Ice/Air   0%         6-21      100%        5
 Irradiate                Conj/Tmut      0%         3d11      100%        5
 Lee's Rapid Deconstruct  Erth           0%         3d4*      100%        5
 Metabolic Englaciation   Hex/Ice        0%         N/A       100%        5
 Silence                  Hex/Air        0%         N/A       100%        5
 Summon Forest            Summ/Tloc      0%         N/A       100%        5
 Summon Mana Viper        Hex/Summ       0%         N/A       100%        5
 Yara's Violent Unravell  Hex/Tmut       0%         3d3       100%        5
 Bombard                  Conj/Erth      0%         9d1       100%        6
 Conjure Ball Lightning   Conj/Air       0%         3x3d6     100%        6
 Death Channel            Necr           0%         N/A       100%        6
 Eringya's Noxious Bog    Tmut/Pois      0%         4d6       100%        6
 Plasma Beam              Fire/Air       0%         2x1d10    100%        6
 Starburst                Conj/Fire      0%         6d3       100%        6
 Summon Cactus Giant      Summ           0%         N/A       100%        6
 Enfeeble                 Hex            0%         N/A       100%        7
 Haunt                    Necr/Summ      0%         N/A       100%        7
 Malign Gateway           Summ/Tloc      0%         N/A       100%        7
 Monstrous Menagerie      Summ           0%         N/A       100%        7
 Ozocubu's Refrigeration  Ice            0%         4d7       100%        7
 Summon Hydra             Summ           0%         N/A       100%        7
 Borgnjor's Revivificati  Necr           0%         N/A       100%        8
 Discord                  Hex            0%         N/A       100%        8
 Disjunction              Tloc           0%         N/A       100%        8
 Ignition                 Fire           0%         3d3       100%        8
 Infestation              Necr           0%         N/A       100%        8
 Lehudib's Crystal Spear  Conj/Erth      0%         10d2      100%        8
 Maxwell's Capacitive Co  Air            0%         ∞         100%        8
 Summon Horrible Things   Summ           0%         N/A       100%        8
 Death's Door             Necr           0%         N/A       100%        9
 Dragon's Call            Summ           0%         N/A       100%        9
 Fire Storm               Conj/Fire      0%         5d1       100%        9


Dungeon Overview and Level Annotations

Branches:
Dungeon (15/15)            Temple (1/1) D:4            Lair (5/5) D:11
  Swamp (4/4) Lair:3        Snake (4/4) Lair:2        Slime (5/5) Lair:5
    Orc (2/2) D:9             Elf (3/3) Orc:2        Vaults (4/5) D:13
  Crypt (3/3) Vaults:3       Tomb (0/3) Crypt:3      Depths (4/4) D:15
    Zot (5/5) Depths:4     Bailey (visited)          WizLab (visited)

Altars:
Ashenzari
Cheibriados
Dithmenos
Elyvilon
Fedhas
Gozag
Hepliaklqana
Kikubaaqudgha
Makhleb
Nemelex Xobeh
Okawaru
Qazlal
Ru
Sif Muna
Trog
Uskayaw
Vehumet
Wu Jian
Xom
Yredelemnul
Zin
The Shining One
Jiyva

Shops:
D:3 ?   D:10 !   D:12 *   D:15 =   Orc:2 *=*[   Elf:2 *   Snake:2 =:=
Snake:3 =*   Snake:4 :=?*   Vaults:1 ([   Vaults:2 *   Depths:1 ***
Depths:4 =*(

Portals:
Hell: Depths:1 Depths:2 Depths:3 Depths:4
Abyss: Depths:1 Depths:3 Depths:4
Pandemonium: Orc:2 Depths:1 Depths:2
Ziggurat: Depths:2

Annotations:
D:13 2 transporters, Xtruder99's ghost, adept GnFi
Elf:2 3 runed translucent doors
Vaults:4 2 transporters, PanSaczeczos's ghost, legendary KoWn
Depths:1 1 runed translucent door
Depths:3 exclusion: obsidian statue
Zot:1 1 runed translucent door, Nonseq's ghost, legendary MfGl
Zot:4 1 transporter


Innate Abilities, Weirdness & Mutations

You are too large for most types of armour.
You have claws for hands.
Your natural rate of healing is unusually fast.
You are covered in fur. (AC +1)
You have tough skin. (AC +1)
You have an unnaturally thin skeletal structure. (Dex +6, Stealth+++)
You possess an exceptional clarity of mind.
You have an increased reservoir of magic. (+10% MP)
You passively map a small area around you.
You are robust. (+10% HP)
You occasionally shout uncontrollably at your foes.
You are weak. (Str -2)
You are vulnerable to heat. (rF-)
You occasionally lose the ability to read scrolls when taking damage.


Message History

This square is covered in magical glow.
The rock shatters into small pieces.
Aiming: Dig
Press: ? - help, Shift-Dir - straight line A rock wall.
This square is covered in magical glow.
The rock shatters into small pieces.
There is a stone staircase leading up here.
You climb upwards.
There is a stone staircase leading down here.
There is an escape hatch in the ceiling here.
A mysterious force pulls you upwards. The hatch slams shut behind you.
There is a stone staircase leading up here.
You climb upwards.
There is a stone staircase leading down here.
There is an open door here.
There is a stone staircase leading up here.
You climb upwards.
There is a stone staircase leading down here.
You are now a special plaything of Xom.
You hear a grinding noise.
A neqoxec comes into view.
The neqoxec shouts!
The neqoxec hits you but does no damage.
You eviscerate the neqoxec!!!
You kill the neqoxec!
Your life force feels restored.
Some rock shatters into small pieces.
A cacodemon comes into view.
As you open the door, it creaks loudly! The cacodemon gestures at you.
The bolt of energy hits you!!
There is an open door here.
There's nothing to close nearby.
You close the door.
You enter the shallow water.
Why would you want to do that?
You hear a grinding noise.
There is a staircase leading out of the dungeon here.
You have escaped!

#...# #.## #..#
##.... ###.##
#+#####'# #...##
#..## #..~.~..#
##..... ###..#
#≈~.~.P.# #..####
#....# #PP≈.~P.#
##.## #....#
#~≈~.~.~# #..#
#....##
#~PP.P.~###.##
#.....#
####.P.~#...#
#####.##
#@..P.≈≈#.###
#..###########.#
##.......###...#
#######.#...######
#..........#
#########
##.........#
#.......#
###.......#
#.......#
######'### #
##.......#
#.......# #


There were no monsters in sight!

Vanquished Creatures
  the Royal Jelly (Slime:5)
  7 dread liches
  Tiamat (Zot:3)
  An ancient lich (Zot:4)
  Khufu (Crypt:2)
  2 orbs of fire (Zot:4)
  A juggernaut (Depths:3)
  A royal mummy (Crypt:2)
  6 Killer Klowns
  Saint Roka (Elf:3)
  A shard shrike (Zot:4)
  Frederick (Depths:4)
  2 curse toes
  7 golden dragons
  Jory (Crypt:1)
  4 bone dragons
  A doom hound (Zot:1)
  The ghost of KimchiStew the Marksgargoyle, a veteran GrHu of Okawaru (Depths:1)
  A Tzitzimitl (Zot:1)
  2 electric golems (Zot:5)
  A shard shrike zombie (Crypt:1)
  Jorgrun (Swamp:2)
  19 tentacled monstrosities
  25 Orb Guardians
  7 quicksilver dragons
  2 deep elf blademasters (Elf:3)
  2 titans
  A walking earthen tome (Depths:2)
  8 liches
  22 acid blobs
  The ghost of Haxzo the Warrior, an adept HOMo of Beogh (Depths:4)
  8 ancient champions
  4 deep elf master archers
  5 sphinxes
  7 death cobs
  Gastronok (D:9)
  8 storm dragons
  4 thorn hunters
  5 draconian monks
  3 tengu reavers
  2 revenants
  7 shadow dragons
  Donald (Slime:4)
  8 rockslimes
  Aizul (Depths:1)
  2 nagarajas
  5 fenstrider witches
  6 frost giants
  5 fire giants
  12 azure jellies
  9 draconian knights
  3 iron dragons
  7 draconian scorchers
  15 vault wardens
  2 ghost moths
  5 deep elf sorcerers (Elf:3)
  3 deep elf elementalists (Elf:3)
  A balrug (Depths:1)
  A caustic shrike zombie (Crypt:1)
  3 curse skulls
  7 draconian annihilators
  2 ghouls
  6 spriggan defenders
  6 draconian stormcallers
  7 draconian shifters
  15 ironbound preservers
  2 orc warlords (Vaults:1)
  10 stone giants
  The ghost of xfalz the Thaumaturge, a journeyman GnSk of Ashenzari (Swamp:3)
  8 formless jellyfish
  19 very ugly things
  2 reapers
  13 quicksilver oozes
  9 ironbound thunderhulks
  6 vampire knights
  7 deep elf demonologists
  17 black draconians
  6 deep elf annihilators (Elf:3)
  16 green draconians
  22 purple draconians
  The ghost of ipx the Blocker, a journeyman VSFi of Makhleb (Orc:2)
  5 bunyips
  8 yellow draconians
  A putrid mouth (Zot:1)
  12 spark wasps
  4 eleionomae
  18 red draconians
  12 dire elephants
  A minotaur (Slime:1)
  12 white draconians
  Snorg (D:12)
  4 ettins
  A spectral spriggan (Depths:3)
  3 eidola (Crypt:3)
  10 deep elf death magi
  8 fire dragons
  5 jiangshi
  A rakshasa (Depths:2)
  5 yaktaur captains
  8 great orbs of eyes
  28 hydras
  6 shambling mangroves
  10 ice dragons
  4 salamander tyrants (Snake:4)
  2 ghost crabs
  8 deep elf high priests
  A peacekeeper (Vaults:3)
  The ghost of Nammoc the Thaumaturge, a journeyman GnWn of Cheibriados (Lair:3)
  3 spriggan air magi
  2 demonspawn (Orc:2)
  7 alligators
  9 anacondas
  4 catoblepae (Lair:5)
  7 vault guards
  11 ironbound frosthearts
  28 centaur warriors
  A two-headed ogre (shapeshifter) (Vaults:3)
  3 boulder beetles
  13 dancing weapons
  3 two-headed ogres
  13 tengu warriors
  3 satyrs (WizLab)
  18 naga warriors
  2 deep troll shamans (Depths:3)
  6 shock serpents
  7 death yaks (Lair:5)
  3 vampire magi
  A sphinx skeleton (Crypt:1)
  7 deep troll earth magi
  13 naga sharpshooters
  9 spriggan berserkers
  7 orc high priests
  17 deep elf knights
  An occultist (Depths:3)
  A hell knight (Depths:2)
  Urug (Lair:2)
  5 sun demons
  Nergalle (Lair:1)
  A shadow wraith (Crypt:3)
  Amaemon (Lair:1)
  28 skeletal warriors
  7 salamander mystics
  6 sea snakes
  3 iron trolls (Depths:3)
  14 deep elf archers
  7 spriggan druids
  6 goliath frogs
  8 glowing orange brains
  7 swamp dragons
  40 deep trolls
  Pikel (D:8)
  4 flayed ghosts
  6 bog bodies
  A harpy (Vaults:3)
  17 ironbound convokers
  7 orc knights
  An obsidian statue (D:14)
  A spriggan simulacrum (Crypt:1)
  3 naga ritualists
  7 lindwurms
  An iron giant skeleton (Crypt:3)
  3 phantasmal warriors
  An orange crystal statue (Depths:3)
  19 deep elf zephyrmancers
  3 necromancers
  7 arcanists
  4 will-o-the-wisps
  27 deep elf pyromancers
  8 shining eyes
  10 orc sorcerers
  A jorogumo skeleton (Crypt:2)
  An iron dragon zombie (Crypt:3)
  4 oklob plants
  4 fauns (WizLab)
  40 ugly things
  4 manticores
  7 cyclopes
  10 mana vipers
  A cyclops (shapeshifter) (Depths:2)
  A rust devil (Orc:2)
  19 salamanders
  25 elephants
  30 black mambas
  Joseph (D:8)
  21 naga magi
  23 moths of wrath
  A fire giant skeleton (Vaults:3)
  20 vault sentinels
  3 eyes of devastation
  3 torpor snails
  8 guardian serpents
  Maurice (D:8)
  A smoke demon (Depths:1)
  4 gargoyles
  16 cane toads
  An unseen horror (shapeshifter) (D:15)
  2 orange demons
  Psyche (D:9)
  5 unseen horrors
  Maggie (D:8)
  An orc skeleton (Crypt:3)
  2 rime drakes
  2 efreet
  2 kobold demonologists (D:12)
  A freezing wraith (Crypt:2)
  12 komodo dragons
  A minotaur skeleton (Crypt:1)
  A mana viper zombie (Crypt:1)
  33 yaktaurs
  4 guardian mummies (Crypt:3)
  A tengu conjurer (Depths:3)
  2 tormentors (Zot:1)
  5 trolls
  A purple draconian skeleton (Crypt:2)
  3 meliai (D:15)
  3 glass eyes
  11 tyrant leeches
  2 great orb of eyes zombies
  A polar bear (Lair:3)
  A harpy skeleton (Crypt:3)
  21 hornets
  A spectral dream sheep (Lair:3)
  8 blink frogs
  3 saltlings (Vaults:3)
  A radroach zombie (Crypt:2)
  8 dream sheep
  A centaur simulacrum (D:15)
  A spectral black mamba (Lair:3)
  A fire dragon skeleton (Crypt:3)
  13 spriggans
  5 air elementals
  4 shadows
  7 water elementals
  4 flying skulls
  A vampire (D:9)
  3 wyverns
  2 basilisks
  A naga simulacrum (Crypt:1)
  5 wraiths
  2 fire elementals
  143 slime creatures
  55 yaks
  7 golden eyes
  A hog (shapeshifter) (Depths:3)
  A basilisk (shapeshifter) (Zot:1)
  2 chaos spawn
  3 steam dragons
  Grum (Lair:1)
  A redback (Lair:5)
  A neqoxec (D:1)
  A swamp worm (shapeshifter) (Vaults:4)
  15 vampire mosquitoes
  9 wargs
  57 nagas
  A harpy simulacrum (D:14)
  11 swamp worms
  11 water moccasins
  5 acid dragons
  An entropy weaver zombie (Crypt:3)
  A hydra simulacrum (Lair:3)
  A faun skeleton (Crypt:3)
  3 black bears
  4 sky beasts (D:7)
  9 swamp drakes
  38 orc warriors
  A black mamba simulacrum (Lair:3)
  5 ogres
  A swamp dragon zombie (Crypt:1)
  9 wolves
  A boulder beetle simulacrum (Lair:3)
  A manticore skeleton (Crypt:2)
  9 boggarts
  A swamp dragon skeleton (Crypt:1)
  5 centaurs
  A dream sheep skeleton (Crypt:3)
  2 phantoms
  13 kobold brigands
  19 bullfrogs
  A rime drake skeleton (Crypt:1)
  A human zombie (Vaults:3)
  A gnoll sergeant (D:10)
  4 scorpions
  2 necrophages (Crypt:2)
  An earth elemental (Elf:2)
  A troll zombie (Crypt:1)
  5 killer bees
  11 electric eels
  4 howler monkeys
  A torpor snail simulacrum (Lair:3)
  A centaur zombie (Crypt:3)
  6 hounds
  2 jellies
  A centaur skeleton (Crypt:2)
  26 orc priests
  3 sleepcaps (D:7)
  3 gnoll boudas
  7 iguanas
  22 orc wizards
  A boggart skeleton (Crypt:1)
  5 lightning spires (Zot:2)
  A deep dwarf skeleton (Crypt:3)
  A hound skeleton (Crypt:3)
  A mummy (Crypt:2)
  14 gnolls
  7 adders
  A shadow imp (D:8)
  A white imp (D:7)
  3 ufetubi
  An iguana skeleton (Crypt:2)
  4 dart slugs
  83 orcs
  8 ball pythons
  9 endoplasms
  6 giant cockroaches
  6 goblins
  7 hobgoblins
  22 kobolds
  2 quokkas (D:1)
  6 bats
  4 frilled lizards
  4 rats
2291 creatures vanquished.

Vanquished Creatures (collateral kills)
  Mennas (Depths:3)
  Sojobo (Vaults:4)
  A sphinx (Vaults:4)
  A tengu reaver (Vaults:4)
  A vault warden (Vaults:2)
  A stone giant (Depths:2)
  An ironbound thunderhulk (Vaults:3)
  An eleionoma (WizLab)
  A purple draconian (Zot:3)
  A dire elephant (Vaults:2)
  A deep elf annihilator (Elf:3)
  A deep elf high priest (Elf:3)
  A yaktaur captain (Vaults:3)
  A centaur warrior (Vaults:2)
  A dancing weapon (Elf:1)
  Erica (Lair:1)
  2 naga warriors
  2 orc high priests (Orc:2)
  2 deep trolls (Vaults:3)
  A lindwurm (Vaults:2)
  An orc knight (Orc:1)
  An ugly thing (Vaults:3)
  A salamander (Snake:2)
  A naga mage (Snake:4)
  A guardian serpent (Snake:2)
  An orc warrior (Orc:1)
  Terence (D:2)
  2 gnolls (D:6)
  2 adders
  A white imp (D:13)
  2 orcs (Elf:3)
  2 kobolds (D:8)
  A ball python (D:2)
  A rat (D:2)
41 creatures vanquished.

Vanquished Creatures (others)
  2 frost giants
  An ironbound preserver (Vaults:1)
  7 dancing weapons
  A deep troll (Vaults:1)
  A swamp dragon (Swamp:2)
  A moth of wrath (Zot:1)
  2 bloated husks (Swamp:4)
  3 wargs (Orc:2)
  A swamp worm (Swamp:4)
  2 orc priests (Elf:3)
  A mummy (Crypt:2)
  An orc (Orc:1)
  4 foxfires (Swamp:2)
27 creatures vanquished.

Grand Total: 2359 creatures vanquished

Notes
Turn   | Place    | Note
-------+----------+-------------------------------------------
     0 | D:1      | Gonzollydolly the Troll Chaos Knight began the quest for
                  | the Orb.
     0 | D:1      | Reached XP level 1. HP: 22/22 MP: 0/0
    79 | D:1      | XOM: divination: detect items
   163 | D:1      | Reached XP level 2. HP: 29/29 MP: 1/1
   178 | D:1      | XOM: silly message
   621 | D:1      | Reached XP level 3. HP: 36/36 MP: 2/2
   628 | D:1      | XOM: give mutations
   628 | D:1      | Gained mutation: You are frail. (-10% HP) [Xom's mischief]
   628 | D:1      | Gained mutation: You are clumsy. (Dex -2) [Xom's mischief]
   628 | D:1      | Gained mutation: You expend magic power (3 MP) to
                  | strengthen your wands. [Xom's mischief]
   628 | D:1      | Lost mutation: You are frail. (-10% HP) [Xom's mischief]
   873 | D:1      | XOM: give mutations
   873 | D:1      | Gained mutation: You have a beak for a mouth. [Xom's grace]
   873 | D:1      | Gained mutation: You are resistant to electric shocks.
                  | (rElec) [Xom's grace]
   873 | D:1      | Gained mutation: You are strong-willed. (Will+) [Xom's
                  | grace]
   873 | D:1      | Gained mutation: You have hidden genetic potential. [Xom's
                  | grace]
   880 | D:2      | Noticed Terence
   979 | D:2      | Reached skill level 4 in Unarmed Combat
   980 | D:2      | XOM: give mutations
   980 | D:2      | Lost mutation: You are clumsy. (Dex -2) [Xom's grace]
   980 | D:2      | Gained mutation: You have sharp toenails. [Xom's grace]
   980 | D:2      | Gained mutation: You are highly strong-willed. (Will++)
                  | [Xom's grace]
   980 | D:2      | Gained mutation: You possess an exceptional clarity of
                  | mind. [Xom's grace]
  1042 | D:2      | Killed Terence
  1091 | D:2      | Reached XP level 4. HP: 42/45 MP: 3/3
  1254 | D:2      | You fall into a shaft and drop 2 floors!
  1254 | D:4      | XOM: noise
  1320 | D:4      | Noticed a scorpion
  1360 | D:4      | Noticed a black bear
  1363 | D:4      | Killed a black bear
  1364 | D:4      | Reached skill level 5 in Unarmed Combat
  1364 | D:4      | Reached XP level 5. HP: 46/53 MP: 4/4
  1367 | D:4      | Gained mutation: Your flesh is heat resistant. (rF+)
                  | [hidden potential]
  1409 | D:4      | Noticed a phantom
  1418 | D:4      | XOM: cleaving
  1422 | D:4      | Killed a phantom
  1423 | D:4      | Reached XP level 6. HP: 61/62 MP: 5/5
  1479 | D:4      | XOM: silly message
  1613 | D:4      | Reached skill level 6 in Unarmed Combat
  1622 | D:4      | Gained mutation: You have great hidden genetic potential.
                  | [hidden potential]
  1622 | D:4      | Lost mutation: You have great hidden genetic potential.
                  | [hidden potential expressed]
  1808 | D:3      | XOM: summons friendly white imp
  1961 | D:3      | Found Mydiash's Magic Scroll Shop.
  1970 | D:3      | Bought a scroll of teleportation for 42 gold pieces
  1970 | D:3      | Bought a scroll of identify for 28 gold pieces
  1970 | D:3      | Bought a scroll of identify for 28 gold pieces
  1980 | D:3      | Found a radiant altar of Vehumet.
  2008 | D:3      | Reached XP level 7. HP: 65/70 MP: 6/6
  2300 | D:2      | XOM: summons 2 hostile demons
  2375 | D:2      | Found a faded altar of an unknown god.
  2519 | D:3      | Reached skill level 7 in Unarmed Combat
  2533 | D:3      | Gained mutation: Your system is resistant to poisons.
                  | (rPois) [hidden potential]
  2783 | D:4      | XOM: 3-stop teleportation journey
  2916 | D:4      | Found a staircase to the Ecumenical Temple.
  2938 | Temple   | XOM: noise
  2938 | Temple   | Entered the Ecumenical Temple
  2957 | D:4      | XOM: give mutations
  2957 | D:4      | Gained mutation: You are extremely strong-willed. (Will+++)
                  | [Xom's grace]
  2957 | D:4      | Gained mutation: Your muscles are strong. (Str +4, Int/Dex
                  | -1) [Xom's grace]
  2957 | D:4      | Gained mutation: Your flesh is very heat resistant. (rF++)
                  | [Xom's grace]
  3050 | D:4      | XOM is BORED!
  3050 | D:4      | XOM: noise
  3118 | D:5      | Entered Level 5 of the Dungeon
  3307 | D:5      | Found a snail-covered altar of Cheibriados.
  3462 | D:5      | Noticed a wyvern
  3468 | D:5      | Killed a wyvern
  3469 | D:5      | Reached skill level 5 in Fighting
  3469 | D:5      | Reached skill level 8 in Unarmed Combat
  3471 | D:5      | XOM: divination: detect items
  3579 | D:5      | XOM is BORED!
  3590 | D:6      | XOM: stealth player
  3636 | D:6      | Reached XP level 8. HP: 80/80 MP: 7/7
  3636 | D:6      | Found a stormy altar of Qazlal.
  3664 | D:6      | Noticed Sigmund
  3674 | D:6      | Sigmund changed into Sigmund the adder
  3674 | D:6      | Noticed Sigmund
  3674 | D:6      | XOM: polymorph Sigmund -> Sigmund the adder
  3679 | D:6      | Killed Sigmund the adder
  3681 | D:6      | XOM: scenery: summon butterflies
  3809 | D:6      | XOM: 1-stop teleportation journey
  3835 | D:6      | Gained mutation: You are partially covered in iridescent
                  | scales. (AC +2) [hidden potential]
  3835 | D:6      | Lost mutation: You have hidden genetic potential. [hidden
                  | potential expressed]
  3933 | D:6      | XOM: summons 7 friendly demons
  4027 | D:6      | XOM: cloud trail
  4215 | D:7      | XOM: noise
  4220 | D:7      | Reached skill level 9 in Unarmed Combat
  4242 | D:7      | Noticed a cyclops
  4251 | D:7      | Killed a cyclops
  4252 | D:7      | Reached skill level 10 in Unarmed Combat
  4252 | D:7      | Reached XP level 9. HP: 57/89 MP: 8/8
  4284 | D:7      | Noticed a cyclops
  4297 | D:7      | Killed a cyclops
  4299 | D:7      | Reached skill level 11 in Unarmed Combat
  4343 | D:7      | Identified the +1 robe "Ehukosm" {Str+5 Int+2}
  4463 | D:7      | XOM: chaos upgrade
  4487 | D:7      | Reached skill level 1 in Throwing
  4522 | D:7      | Found a flagged portal.
  4544 | Bailey   | Entered a bailey
  4641 | Bailey   | Found the +7 mace of Variability {chaos, chaos arc}
  4667 | Bailey   | XOM: stat loss: -1 Int (6/7)
  4672 | Bailey   | Reached skill level 12 in Unarmed Combat
  4676 | Bailey   | Reached XP level 10. HP: 88/102 MP: 9/9
  4694 | Bailey   | Found a bloodstained altar of Trog.
  4704 | Bailey   | Identified the +2 mace of Xeduar {vamp, *Rage rElec rPois}
  4712 | Bailey   | Identified the +0 robe of Music {rElec Will+ Dex-3}
  4811 | D:7      | XOM: swap monsters
  4876 | D:7      | XOM: 1-stop teleportation journey
  4964 | D:7      | Identified the staff of Annoyance {rF+ Dex+2 Fire}
  4989 | D:7      | XOM: fog
  5073 | D:7      | Noticed a gargoyle
  5077 | D:7      | XOM: cleaving
  5083 | D:7      | Killed a gargoyle
  5086 | D:7      | Noticed a two-headed ogre
  5093 | D:7      | Killed a two-headed ogre
  5094 | D:7      | Reached skill level 13 in Unarmed Combat
  5443 | D:7      | Reached skill level 1 in Evocations
  5522 | D:7      | XOM: give mutations
  5522 | D:7      | Gained mutation: You have an increased reservoir of magic.
                  | (+10% MP) [Xom's grace]
  5522 | D:7      | Lost mutation: You have sharp toenails. [Xom's grace]
  5522 | D:7      | Gained mutation: You have large cloven feet. [Xom's grace]
  5522 | D:7      | Gained mutation: You have hoof-like feet. [Xom's grace]
  5567 | D:7      | XOM: divination: detect items
  5681 | D:8      | Noticed Maurice
  5685 | D:8      | Killed Maurice
  5731 | D:8      | Found a shadowy altar of Dithmenos.
  5731 | D:8      | Noticed Pikel
  5732 | D:8      | XOM: summons 6 friendly demons
  5749 | D:8      | XOM: cast spell 'Cause Fear'
  5760 | D:8      | Killed Pikel
  5761 | D:8      | Reached skill level 5 in Throwing
  5787 | D:8      | XOM: scenery: 1 doors close
  5829 | D:8      | Noticed Joseph
  5836 | D:8      | Killed Joseph
  5922 | D:8      | Reached XP level 11. HP: 91/109 MP: 11/11
  6015 | D:8      | Noticed Maggie
  6015 | D:8      | XOM: 1-stop teleportation journey
  6036 | D:8      | Killed Maggie
  6139 | D:8      | Found an ornate altar of the Wu Jian Council.
  6313 | D:8      | Found a shimmering blue altar of Sif Muna.
  6326 | D:8      | Found an iron altar of Okawaru.
  6450 | D:8      | Found a sparkling altar of Nemelex Xobeh.
  6499 | D:8      | XOM: cloud trail
  6586 | D:8      | Upgraded the game from 0.31-a0-1008-g5b978dac0e to
                  | 0.31-a0-1009-g454b1f1e0a
  6624 | D:9      | Found a blossoming altar of Fedhas.
  6625 | D:9      | Noticed Psyche
  6630 | D:9      | Killed Psyche
  6645 | D:9      | XOM: cast spell 'Leda's Liquefaction'
  6813 | D:9      | XOM: god gift: battleaxe {god gift}
  6898 | D:9      | Found a staircase to the Orcish Mines.
  6999 | D:9      | XOM: 1-stop teleportation journey
  7205 | D:9      | Noticed Gastronok
  7215 | D:9      | Killed Gastronok
  7380 | D:9      | XOM is BORED!
  7402 | D:9      | XOM: silly message
  7403 | D:9      | Noticed a two-headed ogre
  7404 | D:9      | XOM: noise
  7412 | D:9      | Killed a two-headed ogre
  7468 | D:9      | XOM: god gift: 939 gold pieces
  7733 | D:10     | Entered Level 10 of the Dungeon
  8008 | D:10     | Identified 2 scrolls of acquirement
  8008 | D:10     | Acquired 633 gold pieces
  8010 | D:10     | Acquired the scarf "Bojeinn" {shadows, rF+ rCorr}
  8312 | D:10     | Found Bopp's Distillery.
  8321 | D:10     | Bought a potion of heal wounds for 60 gold pieces
  8321 | D:10     | Bought 2 potions of might for 96 gold pieces
  8321 | D:10     | Bought a potion of mutation for 96 gold pieces
  8321 | D:10     | Bought a potion of attraction for 36 gold pieces
  8598 | D:10     | Found a burning altar of Makhleb.
  8600 | D:10     | Noticed a balrug
  8652 | D:11     | Reached skill level 14 in Unarmed Combat
  8851 | D:11     | Found a staircase to the Lair.
  8851 | D:11     | XOM: 3-stop teleportation journey
  8882 | D:11     | XOM: fake destruction
  8885 | D:11     | Reached XP level 12. HP: 104/122 MP: 12/12
  9089 | D:11     | Noticed a two-headed ogre
  9093 | D:11     | Killed a two-headed ogre
  9197 | D:11     | XOM is BORED!
  9197 | D:11     | XOM: give mutations
  9197 | D:11     | Lost mutation: You are resistant to electric shocks.
                  | (rElec) [Xom's mischief]
  9197 | D:11     | Lost mutation: You possess an exceptional clarity of mind.
                  | [Xom's mischief]
  9197 | D:11     | Lost mutation: Your system is resistant to poisons. (rPois)
                  | [Xom's mischief]
  9281 | D:11     | Found a portal to a secret trove of treasure.
  9366 | D:12     | XOM: potion effect (invisibility)
  9399 | D:12     | XOM: polymorph centaur -> gnoll
  9419 | D:12     | XOM: enchant monster (good)
  9422 | D:12     | XOM: confuse monster(s)
  9439 | D:12     | XOM: god gift: translucent hand axe {god gift}
  9439 | D:12     | Identified the +3 hand axe "Inox" {chaos, rN+} (Xom gifted
                  | it to you on level 12 of the Dungeon)
  9444 | D:12     | Noticed Snorg
  9521 | D:12     | Killed Snorg
  9804 | D:12     | XOM: potion effect (haste)
  9810 | D:12     | Reached skill level 1 in Armour
  9934 | D:12     | XOM: silly message
  9948 | D:12     | Found Saexair's Mass Market.
  9963 | D:12     | Bought 4 large rocks for 60 gold pieces
  9963 | D:12     | Bought 6 large rocks for 90 gold pieces
 10427 | D:12     | Found a sacrificial altar of Ru.
 10579 | Lair:1   | Entered Level 1 of the Lair of Beasts
 10703 | Lair:1   | Noticed Amaemon
 10711 | Lair:1   | XOM: 3-stop teleportation journey
 10732 | Lair:1   | XOM: enchant monster (good)
 10744 | Lair:1   | Noticed Nergalle
 10752 | Lair:1   | Killed Nergalle
 10753 | Lair:1   | Reached skill level 10 in Throwing
 10845 | Lair:1   | Killed Amaemon
 10908 | Lair:1   | XOM: summons 3 hostile demons
 10957 | Lair:1   | Reached XP level 13. HP: 99/131 MP: 13/13
 11070 | Lair:1   | XOM: 3-stop teleportation journey
 11090 | Lair:1   | XOM: summons friendly ufetubus
 11108 | Lair:1   | Noticed Erica
 11132 | Lair:1   | XOM: swap monsters
 11135 | Lair:1   | Killed Erica
 11232 | Lair:1   | Noticed Grum
 11246 | Lair:1   | Killed Grum
 11332 | Lair:1   | Reached skill level 5 in Armour
 11379 | Lair:1   | XOM: give mutations
 11379 | Lair:1   | Lost mutation: Your muscles are strong. (Str +4, Int/Dex
                  | -1) [Xom's mischief]
 11379 | Lair:1   | Lost mutation: Your flesh is very heat resistant. (rF++)
                  | [Xom's mischief]
 11379 | Lair:1   | Gained mutation: Armour fits poorly on your strangely
                  | shaped body. [Xom's mischief]
 11893 | Lair:2   | XOM: polymorph elephant -> glowing orange brain
 11894 | Lair:2   | XOM: stat loss: -1 Str (24/25)
 11896 | Lair:2   | XOM: cleaving
 11972 | Lair:2   | Found a staircase to the Snake Pit.
 11986 | Lair:2   | XOM: swap monsters
 11987 | Lair:2   | XOM: blink monster(s)
 11989 | Lair:2   | XOM: divination: detect creatures
 12121 | Lair:2   | XOM: smoke on damage
 12135 | Lair:2   | Noticed Urug
 12149 | Lair:2   | Killed Urug
 12322 | Lair:2   | XOM: summons 5 friendly demons
 12363 | Lair:2   | XOM: divination: detect creatures
 12366 | Lair:2   | Reached skill level 1 in Shields
 12367 | Lair:2   | XOM: divination: magic mapping
 12440 | Lair:2   | XOM: smoke on damage
 12649 | Lair:2   | XOM: silly message
 13113 | Lair:3   | Found a staircase to the Swamp.
 13180 | Lair:3   | XOM: potion effect (berserk rage)
 13205 | Lair:3   | XOM: noise
 13207 | Lair:3   | XOM: potion effect (heal wounds)
 13601 | Lair:3   | XOM: cloud trail
 13786 | Lair:3   | Found a runed translucent gate.
 13789 | Lair:3   | Found a runed translucent gate.
 13790 | Lair:3   | Found a runed translucent gate.
 13794 | Lair:3   | Noticed Nammoc's ghost (journeyman GnWn)
 14015 | Lair:4   | XOM: noise
 14061 | Lair:4   | XOM: divination: detect items
 14119 | Lair:4   | XOM: fog
 14209 | Lair:4   | XOM: cast spell 'Olgreb's Toxic Radiance'
 14241 | Lair:4   | XOM: potion effect (invisibility)
 14247 | Lair:4   | Reached skill level 5 in Shields
 14419 | Lair:4   | You fall into a shaft and drop 1 floor!
 14419 | Lair:5   | Entered Level 5 of the Lair of Beasts
 14437 | Lair:5   | Reached XP level 14. HP: 134/140 MP: 14/14
 14441 | Lair:5   | XOM: potion effect (might)
 14453 | Lair:5   | XOM: potion effect (berserk rage)
 14533 | Lair:5   | XOM: potion effect (brilliance)
 14760 | Lair:5   | XOM: 1-stop teleportation journey
 14785 | Lair:5   | XOM: 1-stop teleportation journey
 14790 | Lair:5   | XOM: polymorph dream sheep -> redback
 15066 | Lair:5   | XOM: fake destruction
 15078 | Lair:5   | Reached skill level 15 in Unarmed Combat
 15088 | Lair:5   | XOM: give mutations
 15088 | Lair:5   | Lost mutation: You have an increased reservoir of magic.
                  | (+10% MP) [Xom's mischief]
 15088 | Lair:5   | Lost mutation: You are partially covered in iridescent
                  | scales. (AC +2) [Xom's mischief]
 15143 | Lair:5   | XOM: confuse monster(s)
 15170 | Lair:5   | XOM: divination: detect items
 15172 | Lair:5   | XOM: 1-stop teleportation journey
 15330 | Lair:5   | XOM: confuse monster(s)
 15344 | Lair:5   | XOM: cleaving
 15353 | Lair:5   | XOM: enchant monster (bad)
 15433 | Lair:5   | XOM: confuse monster(s)
 15438 | Lair:5   | Reached skill level 10 in Fighting
 15493 | Lair:5   | XOM: divination: magic mapping
 15512 | Lair:5   | XOM: divination: detect creatures
 15820 | Lair:4   | XOM: silly message
 15910 | Lair:4   | XOM: silly message
 16451 | Lair:5   | Found a viscous altar of Jiyva.
 16452 | Lair:5   | Found a staircase to the Slime Pits.
 16985 | Orc:1    | Entered Level 1 of the Orcish Mines
 17109 | Orc:2    | Entered Level 2 of the Orcish Mines
 17184 | Orc:1    | XOM: cast spell 'Summon Cactus Giant'
 17312 | Orc:2    | Found a staircase to the Elven Halls.
 17322 | Orc:2    | XOM: give mutations
 17322 | Orc:2    | Lost mutation: You are extremely strong-willed. (Will+++)
                  | [Xom's mischief]
 17322 | Orc:2    | Gained mutation: Your mind is acute. (Int +4, Str/Dex -1)
                  | [Xom's mischief]
 17448 | Orc:2    | Noticed ipx's ghost (journeyman VSFi)
 17483 | Orc:2    | Found a transporter.
 17545 | Orc:2    | XOM: polymorph orc knight -> deep troll
 17550 | Orc:2    | Reached skill level 5 in Evocations
 17567 | Orc:2    | Found Eseuc's General Store.
 17574 | Orc:2    | XOM: scenery: create altars
 17645 | Orc:2    | Found Elyalytz's General Store.
 17755 | Orc:2    | XOM: 3-stop teleportation journey
 17802 | Orc:2    | XOM: swap monsters
 17823 | Orc:2    | Bought a potion of curing for 42 gold pieces
 17823 | Orc:2    | Bought a scroll of identify for 28 gold pieces
 17823 | Orc:2    | Bought a ring of protection from cold for 350 gold pieces
 17863 | Orc:2    | Reached XP level 15. HP: 152/152 MP: 14/14
 18078 | Orc:2    | XOM: enchant monster (bad)
 18170 | Orc:2    | Reached skill level 5 in Dodging
 18170 | Orc:2    | Found Matu's Jewellery Shop.
 18170 | Orc:2    | Found Kory's Antique Armour Boutique.
 18170 | Orc:2    | Found a one-way gate leading to the halls of Pandemonium.
 18190 | Orc:2    | Bought an amulet of reflection for 420 gold pieces
 18380 | Orc:2    | Found a transporter.
 18385 | Orc:2    | XOM: silly message
 18650 | Orc:2    | XOM: smoke on damage
 18794 | Orc:2    | XOM: summons 3 hostile shadow creatures
 19233 | D:13     | XOM: god gift: wand of paralysis (8)
 19247 | D:13     | Found a transporter.
 19247 | D:13     | Noticed Xtruder99's ghost (adept GnFi)
 19249 | D:13     | Found a transporter.
 19300 | D:12     | XOM: god gift: scroll of teleportation
 19538 | Orc:1    | XOM: give mutations
 19538 | Orc:1    | Gained mutation: You are somewhat resistant to further
                  | mutation. [Xom's grace]
 19538 | Orc:1    | Gained mutation: Your skin changes colour to match your
                  | surroundings (Stealth+). [Xom's grace]
 19538 | Orc:1    | Gained mutation: You are robust. (+10% HP) [Xom's grace]
 19538 | Orc:1    | Gained mutation: You have hooves in place of feet. [Xom's
                  | grace]
 19731 | D:3      | Bought a scroll of enchant weapon for 105 gold pieces
 19731 | D:3      | Bought a scroll of fog for 56 gold pieces
 19731 | D:3      | Bought a scroll of enchant armour for 105 gold pieces
 19952 | Lair:1   | XOM: god gift: +3 eveningstar of chaos
 20058 | D:11     | You paid a toll of a +4 demon whip to enter a treasure
                  | trove
 20059 | Trove    | Entered a treasure trove
 20088 | Trove    | Identified the +1 robe "Utwinoe" {Will+}
 20110 | Trove    | Found the amulet of Vitality {RegenMP++ Regen++}
 20115 | Trove    | Identified the amulet of Iruesew {RegenMP -Tele rPois
                  | Will+}
 20504 | D:13     | XOM: scenery: summon butterflies
 20521 | D:13     | Reached XP level 16. HP: 178/178 MP: 15/15
 20740 | D:13     | XOM: 4-stop teleportation journey
 20813 | D:13     | XOM: noise
 20817 | D:13     | XOM: scenery: 1 doors close
 20829 | D:13     | XOM: confusion
 20832 | D:13     | XOM: confusion (+ monsters)
 20850 | D:13     | Found a gate to the Vaults.
 20961 | D:14     | XOM: cast spell 'Cause Fear'
 21035 | D:14     | Reached skill level 16 in Unarmed Combat
 21037 | D:14     | XOM: give mutation
 21037 | D:14     | Lost mutation: You expend magic power (3 MP) to strengthen
                  | your wands. [Xom's mischief]
 21098 | D:14     | XOM: summons 2 hostile demons
 21301 | D:14     | XOM: give mutations
 21301 | D:14     | Gained mutation: You have a somewhat thin skeletal
                  | structure. (Dex +2, Stealth+) [Xom's mischief]
 21301 | D:14     | Lost mutation: Armour fits poorly on your strangely shaped
                  | body. [Xom's mischief]
 21633 | D:14     | XOM: 2-stop teleportation journey
 21690 | D:14     | XOM: silly message
 21960 | D:15     | Entered Level 15 of the Dungeon
 21970 | D:15     | XOM: enchant monster (good)
 21972 | D:15     | XOM: divination: detect creatures
 21975 | D:15     | Identified the +3 falchion "Ikoura Gouni" {freeze, SInv}
 21980 | D:15     | XOM: divination: detect creatures
 22009 | D:15     | XOM: cast spell 'Alistair's Intoxication'
 22015 | D:15     | Found a staircase to the Depths.
 22018 | D:15     | XOM: cast spell 'Summon Ice Beast'
 22071 | D:15     | XOM: divination: detect creatures
 22092 | D:15     | XOM: divination: detect items
 22143 | D:15     | XOM: noise
 22155 | D:15     | XOM: confusion
 22182 | D:15     | Found a glowing golden altar of the Shining One.
 22234 | D:15     | XOM: noise
 22243 | D:15     | Found Wois's Jewellery Boutique.
 22250 | D:15     | Bought a ring of flight for 227 gold pieces
 22320 | D:15     | XOM: chaos cloud
 22353 | D:15     | XOM: confusion
 22358 | D:15     | XOM: enchant monster (bad)
 22608 | D:15     | XOM: stat loss: -1 Dex (13/14)
 22741 | D:15     | Identified the ring of Crawling {rElec Will+ Str+2 Int-4
                  | Dex+6}
 23132 | Orc:2    | XOM: cleaving
 23134 | Orc:2    | XOM: divine lightning
 23140 | Orc:2    | Killed ipx's ghost
 23150 | Orc:2    | Identified the amulet "Neak" {rF+ rN+ Regen+}
 23298 | D:10     | XOM: scenery: 2 doors close
 23360 | Snake:1  | Entered Level 1 of the Snake Pit
 23385 | Snake:1  | XOM: enchant monster (good)
 23387 | Snake:1  | XOM: snakes to sticks
 23523 | Snake:1  | Reached XP level 17. HP: 187/187 MP: 16/16
 23690 | Snake:1  | XOM: give mutations
 23690 | Snake:1  | Gained mutation: You have a moderately thin skeletal
                  | structure. (Dex +4, Stealth++) [Xom's grace]
 23690 | Snake:1  | Lost mutation: You are somewhat resistant to further
                  | mutation. [Xom's grace]
 23690 | Snake:1  | Gained mutation: You have hidden genetic potential. [Xom's
                  | grace]
 23690 | Snake:1  | Gained mutation: A frigid envelope surrounds you and
                  | freezes all who hurt you. [Xom's grace]
 23919 | Snake:1  | XOM: scenery: summon butterflies
 24573 | Snake:1  | Identified the ring "Ugil" {rC- Int+2 Dex+4 SInv}
 24755 | Snake:2  | XOM: 1-stop teleportation journey
 25363 | Snake:2  | Found Gomaunee's Jewellery Boutique.
 25364 | Snake:2  | Found Ydaviupt's Jewellery Boutique.
 25364 | Snake:2  | Found Zojierchi's Book Shoppe.
 25380 | Snake:2  | Bought a ring of see invisible for 240 gold pieces
 25983 | Snake:3  | Identified the of Nier
 26067 | Snake:3  | Found Jipusam's Jewellery Emporium.
 26073 | Snake:3  | Found Xustreda's General Store.
 26093 | Snake:3  | Bought a scroll of teleportation for 54 gold pieces
 26093 | Snake:3  | Bought a potion of curing for 54 gold pieces
 26093 | Snake:3  | Bought a scroll of blinking for 135 gold pieces
 26097 | Snake:3  | Bought the ring of the Final Decision {Dex+3 SInv} for 396
                  | gold pieces
 26112 | Snake:3  | XOM: summons 3 hostile shadow creatures
 26134 | Snake:3  | XOM: divination: detect items
 26291 | Snake:3  | XOM: silly message
 26384 | Snake:3  | XOM: swap monsters
 26412 | Snake:3  | XOM: 2-stop teleportation journey
 26670 | Snake:3  | XOM: 1-stop teleportation journey
 26726 | Snake:3  | XOM: divination: magic mapping
 26745 | Snake:3  | XOM: fog
 26804 | Snake:3  | XOM: give mutations
 26804 | Snake:3  | Gained mutation: Your spells are a little harder to cast,
                  | but a little more powerful. [Xom's grace]
 26804 | Snake:3  | Lost mutation: You have hidden genetic potential. [Xom's
                  | grace]
 26804 | Snake:3  | Gained mutation: You are somewhat resistant to further
                  | mutation. [Xom's grace]
 26804 | Snake:3  | Gained mutation: You are covered in thick fur. (AC +2)
                  | [Xom's grace]
 26842 | Snake:3  | XOM: divination: detect creatures
 27005 | Swamp:1  | Entered Level 1 of the Swamp
 27044 | Swamp:1  | XOM: cast spell 'Discord'
 27226 | Swamp:1  | Reached skill level 17 in Unarmed Combat
 27559 | Swamp:2  | XOM: confuse monster(s)
 27563 | Swamp:2  | XOM: potion effect (heal wounds)
 27565 | Swamp:2  | Noticed Jorgrun
 27570 | Swamp:2  | Killed Jorgrun
 27576 | Swamp:2  | XOM: potion effect (attraction)
 27589 | Swamp:2  | Noticed a tentacled monstrosity
 27599 | Swamp:2  | Killed a tentacled monstrosity
 27661 | Swamp:2  | XOM: polymorph swamp dragon -> cyclops
 27680 | Swamp:2  | XOM: confuse monster(s)
 27692 | Swamp:2  | XOM: 4-stop teleportation journey
 27710 | Swamp:2  | Reached XP level 18. HP: 140/202 MP: 17/17
 28265 | Swamp:2  | XOM: silly message
 28514 | Swamp:3  | Reached skill level 18 in Unarmed Combat
 28628 | Swamp:3  | Found a large runed translucent door.
 28628 | Swamp:3  | Found a large runed translucent door.
 28632 | Swamp:3  | Noticed xfalz's ghost (journeyman GnSk)
 28648 | Swamp:3  | Killed xfalz's ghost
 28677 | Swamp:3  | Identified the +7 flail of Circularity {speed, rN+}
 28744 | Swamp:3  | XOM: noise
 29015 | Snake:4  | Entered Level 4 of the Snake Pit
 29027 | Snake:4  | XOM: repel stairs
 29051 | Snake:4  | XOM: swap monsters
 29059 | Snake:4  | XOM: blink monster(s)
 29069 | Snake:4  | XOM: snakes to sticks
 29190 | Snake:4  | XOM: silly message
 29205 | Snake:4  | Found Medd's Magic Scroll Shoppe.
 29205 | Snake:4  | Found Ynaled's Assorted Antiques.
 29205 | Snake:4  | Found Beafir's Book Emporium.
 29210 | Snake:4  | Found Zotatyos's Jewellery Emporium.
 29213 | Snake:4  | Bought a scroll of teleportation for 51 gold pieces
 29213 | Snake:4  | Bought a scroll of fog for 68 gold pieces
 29222 | Snake:4  | Bought a potion of invisibility for 304 gold pieces
 29222 | Snake:4  | Bought a scroll of blinking for 285 gold pieces
 29222 | Snake:4  | Bought a scroll of fear for 152 gold pieces
 29252 | Snake:4  | XOM: give mutations
 29252 | Snake:4  | Lost mutation: You have hooves in place of feet. [Xom's
                  | grace]
 29252 | Snake:4  | Lost mutation: You have hoof-like feet. [Xom's grace]
 29252 | Snake:4  | Lost mutation: You have large cloven feet. [Xom's grace]
 29252 | Snake:4  | Gained mutation: You have sharp toenails. [Xom's grace]
 29252 | Snake:4  | Gained mutation: You have an unnaturally thin skeletal
                  | structure. (Dex +6, Stealth+++) [Xom's grace]
 29323 | Snake:4  | XOM: divination: detect creatures
 29327 | Snake:4  | XOM: cast spell 'Call Canine Familiar'
 29348 | Snake:4  | XOM: silly message
 29547 | Snake:4  | XOM: blink monster(s)
 29669 | Snake:4  | XOM: scenery: create altars
 29902 | Snake:4  | Upgraded the game from 0.31-a0-1009-g454b1f1e0a to
                  | 0.31-a0-1010-g5322dac6a2
 30011 | Snake:4  | XOM: silly message
 30021 | Snake:4  | XOM: silly message
 30267 | Snake:4  | XOM: potion effect (might)
 30270 | Snake:4  | XOM: divination: detect items
 30291 | Snake:4  | Got a serpentine rune of Zot
 30340 | Snake:4  | XOM: silly message
 30684 | Lair:3   | Killed Nammoc's ghost
 30701 | Lair:3   | XOM: silly message
 31008 | D:14     | XOM: divination: detect creatures
 31022 | D:14     | Identified the ring "Dedd" {*Slow rC+ rCorr Str+2 Int+6}
 31108 | Vaults:1 | Identified the of Piblunt
 31108 | Vaults:1 | Identified the of Imop
 31108 | Vaults:1 | Entered Level 1 of the Vaults
 31200 | Vaults:1 | Reached skill level 10 in Shields
 31292 | Vaults:1 | Reached XP level 19. HP: 113/216 MP: 18/18
 31374 | Vaults:1 | XOM: cast spell 'Summon Hydra'
 31446 | Vaults:1 | XOM: confusion (+ monsters)
 31475 | Vaults:1 | XOM: confuse monster(s)
 31488 | Vaults:1 | Reached skill level 19 in Unarmed Combat
 31686 | Vaults:1 | XOM: draining
 31721 | Vaults:1 | XOM: 2-stop teleportation journey
 31741 | Vaults:1 | XOM: summons 3 hostile shadow creatures
 31750 | Vaults:1 | XOM: silly message
 31763 | Vaults:1 | XOM: enchant monster (bad)
 32043 | Vaults:1 | XOM: silly message
 32260 | Vaults:1 | Found Goibboem's Weapon Shoppe.
 32371 | Vaults:1 | Found Seot's Antique Armour Emporium.
 32933 | Vaults:2 | XOM: 2-stop teleportation journey
 32980 | Vaults:2 | Reached skill level 10 in Armour
 33050 | Vaults:2 | Found Xerghic's Assorted Antiques.
 33053 | Vaults:2 | You fall into a shaft and drop 2 floors!
 33053 | Vaults:3 | Identified the "Huyqigri"
 33053 | Desolati | Identified the "Lusar"
 33053 | Desolati | Identified the "Orainiex"
 33053 | Desolati | Identified the "Fosasir"
 33053 | Desolati | Identified the of Gapyip
 33053 | Desolati | Identified the "Horiemn"
 33053 | Desolati | Identified the "Geoghun"
 33078 | Vaults:4 | Found a transporter.
 33078 | Vaults:4 | Found a transporter.
 33152 | Vaults:3 | XOM: summons 7 friendly demons
 33301 | Vaults:3 | XOM: polymorph ironbound preserver -> seven-headed hydra
 33306 | Vaults:3 | XOM: cast spell 'Leda's Liquefaction'
 33425 | Vaults:3 | Found a crumbling gateway.
 33500 | Vaults:3 | XOM: scenery: 1 doors close
 33502 | Vaults:3 | XOM: confuse monster(s)
 33509 | Vaults:3 | XOM: cast spell 'Alistair's Intoxication'
 33540 | Vaults:2 | Reached skill level 15 in Fighting
 33760 | Vaults:2 | XOM: divination: detect items
 33763 | Vaults:2 | XOM: enchant monster (good)
 33801 | Vaults:2 | XOM: destruction
 33802 | Vaults:2 | XOM: summons friendly ufetubus
 33806 | Vaults:2 | XOM: divination: magic mapping
 33860 | Vaults:2 | Reached XP level 20. HP: 231/231 MP: 19/19
 33939 | Vaults:2 | XOM: 3-stop teleportation journey
 33960 | Vaults:2 | Bought a scroll of revelation for 232 gold pieces
 33960 | Vaults:2 | Bought a potion of curing for 93 gold pieces
 33960 | Vaults:2 | Bought a scroll of teleportation for 93 gold pieces
 34098 | Vaults:2 | XOM: summons friendly quasit
 34099 | Vaults:2 | XOM: cleaving
 34112 | Vaults:2 | XOM: summons friendly quasit
 34123 | Vaults:2 | XOM: cast spell 'Alistair's Intoxication'
 34236 | Vaults:2 | XOM: polymorph formless jellyfish -> sphinx
 34391 | Vaults:2 | Upgraded the game from 0.31-a0-1010-g5322dac6a2 to
                  | 0.31-a0-1025-g2e47921a08
 34437 | Vaults:2 | XOM: scenery: 1 doors open
 34551 | Vaults:3 | XOM: smoke on damage
 34585 | Vaults:3 | XOM: cast spell 'Monstrous Menagerie'
 34594 | Vaults:3 | XOM: fog
 34660 | Vaults:3 | Found a staircase to the Crypt.
 34813 | Vaults:3 | Reached skill level 15 in Throwing
 34862 | Vaults:3 | XOM: give mutations
 34862 | Vaults:3 | Lost mutation: You have a beak for a mouth. [Xom's grace]
 34862 | Vaults:3 | Gained mutation: You have very sharp teeth. [Xom's grace]
 34862 | Vaults:3 | Gained mutation: You have an increased reservoir of magic.
                  | (+10% MP) [Xom's grace]
 34862 | Vaults:3 | Gained mutation: You are agile. (Dex +4, Str/Int -1) [Xom's
                  | grace]
 34996 | Vaults:3 | XOM: cleaving
 34999 | Vaults:3 | XOM: summons friendly ufetubus
 35004 | Vaults:3 | XOM: polymorph cyan ugly thing -> white ugly thing
 35013 | Vaults:3 | XOM: potion effect (brilliance)
 35020 | Vaults:3 | XOM: enchant monster (good)
 35043 | Vaults:3 | XOM: scenery: create altars
 35063 | Vaults:3 | XOM: summons friendly quasit
 35084 | Vaults:3 | XOM: summons 2 friendly demons
 35086 | Vaults:3 | XOM: scenery: summon butterflies
 35373 | Vaults:3 | XOM: cleaving
 35378 | Vaults:3 | XOM: 2-stop teleportation journey
 35436 | Vaults:3 | XOM: scenery: 1 doors close
 35487 | Vaults:3 | XOM: potion effect (berserk rage)
 35646 | Vaults:3 | XOM: swap monsters
 35660 | Vaults:3 | XOM: swap monsters
 36374 | Vaults:4 | XOM: enchant monster (bad)
 36585 | Vaults:4 | Noticed Sojobo
 36592 | Vaults:4 | Sojobo changed into Sojobo the azure jelly
 36592 | Vaults:4 | Noticed Sojobo
 36592 | Vaults:4 | XOM: polymorph Sojobo -> Sojobo the azure jelly
 36592 | Vaults:4 | Killed Sojobo
 36593 | Vaults:4 | Reached XP level 21. HP: 184/239 MP: 22/22
 36747 | Vaults:4 | XOM: scenery: 1 doors open
 36815 | Vaults:4 | XOM: silly message
 36933 | Vaults:4 | Noticed PanSaczeczos's ghost (legendary KoWn)
 37256 | Swamp:4  | Entered Level 4 of the Swamp
 37366 | Swamp:4  | Identified the +8 chain mail of Guaveif {rCorr Dex+4}
 37477 | Swamp:4  | XOM: silly message
 37611 | Swamp:4  | XOM: summons 2 friendly demons
 37766 | Swamp:4  | XOM is BORED!
 37788 | Swamp:4  | XOM: enchant monster (bad)
 37848 | Swamp:4  | XOM: destruction
 37854 | Swamp:4  | XOM: fog
 37883 | Swamp:4  | Got a decaying rune of Zot
 37968 | Swamp:4  | XOM: divination: detect creatures
 38152 | Swamp:4  | XOM: scenery: create altars
 38439 | WizLab   | Identified the "Defimaj"
 38439 | WizLab   | Identified the "Bitaepso"
 38439 | Crypt:3  | Identified the "Nunaqun"
 38439 | Depths:3 | Identified the of Kesmeg
 38439 | Elf:1    | Entered Level 1 of the Elven Halls
 38587 | Elf:1    | XOM: summons 2 hostile demons
 38594 | Elf:1    | XOM: divination: detect creatures
 38615 | Elf:1    | XOM: potion effect (might)
 38741 | Elf:1    | XOM: 5-stop teleportation journey
 38866 | Elf:1    | XOM: noise
 38878 | Elf:1    | XOM: confuse monster(s)
 39275 | Elf:1    | XOM: divination: detect items
 39341 | Elf:2    | Identified the +0 hand axe of Sinor {flame, +Blink rC+
                  | Dex+3}
 39548 | Elf:2    | Found Lyruudgh's General Store.
 39611 | Elf:2    | Reached skill level 10 in Evocations
 39640 | Elf:2    | XOM: scenery: 2 doors open, 2 doors close
 39641 | Elf:2    | Paralysed by an air elemental for 1 turns
 39691 | Elf:2    | Found an ancient bone altar of Kikubaaqudgha.
 39784 | Elf:2    | XOM: divination: detect items
 39848 | Elf:2    | Bought a scroll of fear for 68 gold pieces
 39875 | Elf:2    | Found a runed translucent gate.
 39876 | Elf:2    | Found a runed translucent gate.
 39876 | Elf:2    | Found a runed translucent gate.
 39981 | Elf:2    | XOM: 1-stop teleportation journey
 40217 | Elf:3    | Entered Level 3 of the Elven Halls
 40546 | Elf:3    | XOM: 2-stop teleportation journey
 40660 | Elf:3    | XOM: god gift: scroll of blinking
 40806 | Elf:3    | XOM: cloud trail
 40848 | Elf:3    | Noticed Saint Roka
 40855 | Elf:3    | XOM: cast spell 'Summon Cactus Giant'
 40878 | Elf:3    | Killed Saint Roka
 40902 | Elf:3    | Reached skill level 15 in Shields
 41066 | Elf:3    | XOM: god gift: staff of death
 41219 | Elf:3    | XOM: god gift: chain mail {god gift}
 41394 | Elf:3    | XOM: summons 2 friendly demons
 41411 | Elf:3    | HP: 7/200 [deep elf death mage/bolt of negative energy
                  | (36)]
 41431 | Elf:3    | XOM: confuse monster(s)
 41434 | Elf:3    | XOM: cast spell 'Summon Horrible Things'
 41442 | Elf:3    | Reached skill level 20 in Unarmed Combat
 41514 | Elf:3    | Identified the +0 robe of Lightning Storm {rN++ Dex+4}
 41519 | Elf:3    | XOM: swap monsters
 41533 | Elf:3    | XOM: cleaving
 41545 | Elf:3    | XOM: swap monsters
 41546 | Elf:3    | XOM: enchant monster (good)
 41547 | Elf:3    | Identified the orb of Meosoeck {light, Dex+6}
 41549 | Elf:3    | Identified the +4 war axe "Wuitutog" {freeze, rC- Int+4}
 41560 | Elf:3    | Reached XP level 22. HP: 118/241 MP: 23/23
 41570 | Elf:3    | XOM: summons friendly shadow imp
 41657 | Elf:3    | XOM: enchant monster (bad)
 41673 | Elf:3    | XOM: noise
 41677 | Elf:3    | XOM: enchant monster (good)
 41684 | Elf:3    | XOM: potion effect (might)
 41769 | Elf:3    | Identified the staff of Qasin {Drain Fly rF+ Str+5 Int+3
                  | Fire}
 41789 | Elf:3    | Identified the +1 ring mail of Brilliance {Will+}
 41790 | Elf:3    | Identified the +1 ring mail of Geikol {Str+3}
 41793 | Elf:3    | Identified the +7 orcbow of Fortitude {flame, Will+ rCorr
                  | Dex+3}
 41800 | Elf:3    | Identified the +4 morningstar "Ekusabann" {freeze, Fly rN++
                  | MP+9 Int-3}
 41812 | Elf:3    | Identified the +11 scimitar "Kushraq" {drain, *Corrode
                  | Will++ Str+2}
 41839 | Elf:3    | Identified the granite talisman of Xom's Reproof {Str+3}
 41839 | Elf:3    | XOM: silly message
 42071 | Elf:3    | Upgraded the game from 0.31-a0-1025-g2e47921a08 to
                  | 0.31-a0-1029-ge8c24b2130
 42466 | Crypt:1  | Entered Level 1 of the Crypt
 42496 | Crypt:1  | XOM: silly message
 42498 | Crypt:1  | XOM: potion effect (invisibility)
 42567 | Crypt:1  | Noticed Jory
 42574 | Crypt:1  | Killed Jory
 42681 | Crypt:1  | XOM: potion effect (invisibility)
 42882 | Crypt:1  | XOM: silly message
 42895 | Crypt:1  | XOM: potion effect (haste)
 42912 | Crypt:1  | XOM: divination: magic mapping
 42915 | Crypt:1  | XOM: divination: detect items
 43441 | Crypt:2  | Found a basalt altar of Yredelemnul.
 43456 | Crypt:2  | XOM: silly message
 43553 | Crypt:2  | Found a magical portal.
 43565 | WizLab   | Entered Eringya's Formal Garden
 43691 | WizLab   | XOM: silly message
 43739 | WizLab   | XOM: silly message
 43846 | WizLab   | XOM: potion effect (brilliance)
 43870 | WizLab   | XOM: potion effect (brilliance)
 44149 | WizLab   | Found a blossoming altar of Fedhas.
 44267 | Crypt:2  | Noticed a royal mummy
 44305 | Crypt:2  | Killed a royal mummy
 44312 | Crypt:2  | Noticed Khufu
 44317 | Crypt:2  | XOM: divine lightning
 44328 | Crypt:2  | Killed Khufu
 44604 | Crypt:2  | XOM: give mutation
 44604 | Crypt:2  | Gained mutation: You have extremely sharp teeth. [Xom's
                  | grace]
 44727 | Crypt:2  | XOM: summons 4 hostile shadow creatures
 44958 | Crypt:2  | XOM: fog
 45029 | Crypt:2  | Identified the "Mashrifeg" (Xom gifted it to you on level
                  | 2 of the Crypt)
 45029 | Crypt:2  | XOM: god gift: Zozog's Catalogue of Invitation and the
                  | Snake
 45214 | Crypt:2  | XOM: god gift: chain mail {god gift}
 45353 | Crypt:2  | XOM: draining
 45472 | Crypt:3  | Entered Level 3 of the Crypt
 45564 | Crypt:3  | XOM: chaos cloud
 45578 | Crypt:3  | XOM: draining
 45610 | Crypt:3  | XOM: give mutations
 45610 | Crypt:3  | Lost mutation: Your spells are a little harder to cast, but
                  | a little more powerful. [Xom's mischief]
 45610 | Crypt:3  | Lost mutation: Your mind is acute. (Int +4, Str/Dex -1)
                  | [Xom's mischief]
 45632 | Crypt:3  | XOM: confusion
 45724 | Crypt:3  | Found a staircase to the Tomb.
 45817 | Crypt:3  | XOM: silly message
 45851 | Crypt:3  | XOM: stat loss: -1 Dex (28/29)
 45853 | Crypt:3  | XOM: scenery: summon butterflies
 45872 | Crypt:3  | Reached XP level 23. HP: 253/257 MP: 24/24
 46151 | Crypt:3  | XOM: give mutations
 46151 | Crypt:3  | Lost mutation: You have sharp toenails. [Xom's mischief]
 46151 | Crypt:3  | Lost mutation: You are highly strong-willed. (Will++)
                  | [Xom's mischief]
 46151 | Crypt:3  | Lost mutation: You are somewhat resistant to further
                  | mutation. [Xom's mischief]
 46151 | Crypt:3  | Lost mutation: Your skin changes colour to match your
                  | surroundings (Stealth+). [Xom's mischief]
 46225 | Crypt:3  | Found the +10 tower shield of Ignorance {rN+ Int-4}
 46393 | Crypt:3  | Identified the ring "Affiess" {Ice Int+5}
 46393 | Crypt:3  | Noticed a dread lich
 46393 | Crypt:3  | Noticed a dread lich
 46402 | Crypt:3  | XOM: torment (50/257 hp)
 46416 | Crypt:3  | XOM: confusion
 46427 | Crypt:3  | XOM: summons 7 friendly demons
 46480 | Crypt:3  | Killed a dread lich
 46484 | Crypt:3  | XOM: fog
 46492 | Crypt:3  | Killed a dread lich
 46888 | Depths:1 | Entered Level 1 of the Depths
 46888 | Depths:1 | Found the amulet of the Four Winds {rN+ Will+++ Clar}
 46892 | Depths:1 | XOM: confuse monster(s)
 46921 | Depths:1 | You fall into a shaft and drop 1 floor!
 46952 | Depths:2 | XOM: god gift: scroll of poison
 47050 | Depths:1 | Found a runed translucent door.
 47050 | Depths:1 | Noticed KimchiStew's ghost (veteran GrHu)
 47050 | Depths:1 | XOM: scenery: 2 fountains blood, 1 doors open
 47069 | Depths:1 | Killed KimchiStew's ghost
 47102 | Depths:1 | XOM: summons friendly crimson imp
 47104 | Depths:1 | Identified the serpent talisman "Urchugoc" {rF++ Will-
                  | Str+4 Dex+3}
 47104 | Depths:1 | Noticed Aizul
 47108 | Depths:1 | XOM: enchant monster (good)
 47116 | Depths:1 | Killed Aizul
 47306 | Depths:1 | XOM: fake destruction
 47393 | Depths:1 | Found Imu Eram's Overcharged Wands.
 47400 | Depths:1 | Bought a wand of digging (11) for 693 gold pieces
 47451 | Depths:1 | Found a gateway to Hell.
 47523 | Depths:1 | Found a one-way gate to the infinite horrors of the Abyss.
 47549 | Depths:1 | Found Ynecuh's General Store.
 47553 | Depths:1 | Found Punes's Specific Store.
 47561 | Depths:1 | Bought a potion of haste for 170 gold pieces
 47766 | Depths:2 | XOM: cast spell 'Summon Mana Viper'
 47783 | Depths:2 | XOM: potion effect (invisibility)
 47854 | Depths:2 | XOM: confusion
 47896 | Depths:2 | XOM: 1-stop teleportation journey
 47960 | Depths:2 | Noticed a dread lich
 47992 | Depths:2 | XOM: confusion (+ monsters)
 48010 | Depths:2 | Noticed a dread lich
 48011 | Depths:2 | Found a one-way gateway to a ziggurat.
 48032 | Depths:2 | XOM: give mutation
 48032 | Depths:2 | Lost mutation: You are agile. (Dex +4, Str/Int -1) [Xom's
                  | mischief]
 48034 | Depths:2 | Killed a dread lich
 48054 | Depths:2 | Killed a dread lich
 48309 | Depths:2 | XOM: silly message
 48379 | Depths:2 | Identified the +4 plate armour of the Lion {-Cast rPois rN+
                  | Stlth+}
 48507 | Depths:2 | Found a shimmering blue altar of Sif Muna.
 48681 | Depths:2 | XOM: god gift: orcbow {god gift}
 48729 | Depths:2 | XOM: confuse monster(s)
 48732 | Depths:2 | XOM: cast spell 'Summon Cactus Giant'
 48771 | Depths:2 | XOM: confuse monster(s)
 48869 | Depths:2 | XOM: silly message
 48988 | Depths:2 | Identified the +12 arbalest of Superiority {heavy, rF+
                  | Will+}
 49016 | Depths:2 | XOM: give mutations
 49016 | Depths:2 | Lost mutation: You have extremely sharp teeth. [Xom's
                  | mischief]
 49016 | Depths:2 | Gained mutation: You are clumsy. (Dex -2) [Xom's mischief]
 49217 | Depths:3 | XOM: stealth player
 49227 | Depths:3 | Noticed a juggernaut
 49241 | Depths:3 | Found a runed translucent door.
 49241 | Depths:3 | XOM: 3-stop teleportation journey
 49295 | Depths:3 | Found a bloodstained altar of Trog.
 49301 | Depths:3 | XOM: scenery: summon butterflies
 49385 | Depths:3 | XOM: enchant monster (bad)
 49448 | Depths:3 | Killed a juggernaut
 49464 | Depths:3 | Found a hazy altar of Hepliaklqana.
 49479 | Depths:3 | XOM: polymorph ettin -> shapeshifter
 49638 | Depths:3 | XOM: summons 4 hostile shadow creatures
 49909 | Depths:3 | XOM: noise
 49914 | Depths:3 | XOM: enchant monster (bad)
 49919 | Depths:3 | XOM: give mutations
 49919 | Depths:3 | Gained mutation: You are weak. (Str -2) [Xom's mischief]
 49919 | Depths:3 | Lost mutation: Your flesh is heat resistant. (rF+) [Xom's
                  | mischief]
 49928 | Depths:3 | XOM: blink monster(s)
 49938 | Depths:3 | XOM: summons 1 hostile demon
 49942 | Depths:3 | XOM: chaos cloud
 49954 | Depths:3 | Noticed Mennas
 50059 | Depths:3 | Killed Mennas
 50091 | Depths:3 | XOM: give mutations
 50091 | Depths:3 | Gained mutation: You are very robust. (+20% HP) [Xom's
                  | grace]
 50091 | Depths:3 | Gained mutation: You have hidden genetic potential. [Xom's
                  | grace]
 50169 | Depths:3 | Found a runed translucent door.
 50269 | Depths:3 | Reached skill level 21 in Unarmed Combat
 50279 | Depths:3 | Reached XP level 24. HP: 303/303 MP: 24/24
 50285 | Depths:3 | XOM: scenery: 1 doors close
 50287 | Depths:3 | XOM: enchant monster (good)
 50289 | Depths:3 | XOM: cast spell 'Summon Ice Beast'
 50290 | Depths:3 | XOM: divination: detect items
 50292 | Depths:3 | XOM: blink monster(s)
 50307 | Depths:3 | XOM: silly message
 50318 | Depths:3 | XOM: cast spell 'Leda's Liquefaction'
 50498 | Depths:4 | Entered Level 4 of the Depths
 50504 | Depths:4 | Found Naw Qomniegg's Weapon Boutique.
 50707 | Depths:4 | XOM: cleaving
 50756 | Depths:4 | XOM: give mutations
 50756 | Depths:4 | Lost mutation: You are strong-willed. (Will+) [Xom's
                  | mischief]
 50756 | Depths:4 | Lost mutation: You are clumsy. (Dex -2) [Xom's mischief]
 50756 | Depths:4 | Lost mutation: You have hidden genetic potential. [Xom's
                  | mischief]
 50756 | Depths:4 | Gained mutation: You are vulnerable to heat. (rF-) [Xom's
                  | mischief]
 50763 | Depths:4 | XOM: summons 4 hostile shadow creatures
 50825 | Depths:4 | XOM: polymorph fire dragon -> five-headed hydra
 50954 | Depths:4 | Noticed Frederick
 50959 | Depths:4 | XOM: blink monster(s)
 50961 | Depths:4 | Killed Frederick
 51019 | Depths:4 | Found Tikureeh's Jewellery Shop.
 51020 | Depths:4 | Found a runed translucent gate.
 51021 | Depths:4 | Found a runed translucent gate.
 51022 | Depths:4 | Found a runed translucent gate.
 51039 | Depths:4 | Noticed Haxzo's ghost (adept HOMo)
 51133 | Depths:4 | XOM: noise
 51136 | Depths:4 | XOM: polymorph white very ugly thing -> cyan very ugly
                  | thing
 51260 | Depths:4 | Found an ornate altar of the Wu Jian Council.
 51320 | Depths:4 | XOM: enchant monster (bad)
 51342 | Depths:4 | Found Yffaf's General Store.
 51349 | Depths:4 | Bought a potion of might for 76 gold pieces
 51349 | Depths:4 | Bought a potion of resistance for 190 gold pieces
 51349 | Depths:4 | Bought a potion of haste for 190 gold pieces
 51385 | Depths:4 | Found a gate to the Realm of Zot.
 51583 | Depths:4 | Killed Haxzo's ghost
 51596 | Depths:4 | Identified the +3 short sword of the Winnowing Goat {flame,
                  | rN+}
 51625 | Depths:3 | XOM: noise
 51887 | Slime:1  | Entered Level 1 of the Pits of Slime
 51934 | Slime:1  | XOM: polymorph azure jelly -> minotaur
 51948 | Slime:1  | XOM: 3-stop teleportation journey
 52065 | Slime:1  | XOM: give mutations
 52065 | Slime:1  | Gained mutation: Your mind is acute. (Int +4, Str/Dex -1)
                  | [Xom's grace]
 52065 | Slime:1  | Gained mutation: Your mind is very acute. (Int +8, Str/Dex
                  | -2) [Xom's grace]
 52065 | Slime:1  | Gained mutation: You passively map a small area around you.
                  | [Xom's grace]
 52065 | Slime:1  | Gained mutation: You possess an exceptional clarity of
                  | mind. [Xom's grace]
 52578 | Slime:2  | Paralysed by a formless jellyfish for 1 turns
 52585 | Slime:2  | Paralysed by a formless jellyfish for 1 turns
 52683 | Slime:2  | XOM: noise
 53564 | D:13     | XOM: give mutation
 53564 | D:13     | Lost mutation: You possess an exceptional clarity of mind.
                  | [Xom's mischief]
 53665 | Vaults:1 | XOM: summons 1 hostile demon
 53885 | Slime:4  | Noticed Donald
 53905 | Slime:4  | Killed Donald
 54329 | Slime:3  | Reached skill level 15 in Armour
 54361 | Slime:3  | Reached skill level 10 in Dodging
 54519 | Slime:5  | Identified the "Ecoanub"
 54519 | Slime:5  | Identified the of Jeetaa
 54519 | Slime:5  | Identified the "Bumanuuf"
 54519 | Slime:5  | Identified the "Badusag"
 54519 | Slime:5  | Entered Level 5 of the Pits of Slime
 54535 | Slime:5  | Gained mutation: You occasionally shout uncontrollably at
                  | your foes. [a shining eye]
 54537 | Slime:5  | XOM: potion effect (might)
 54713 | Slime:5  | Noticed the Royal Jelly
 54762 | Slime:5  | XOM: divination: detect creatures
 54777 | Slime:5  | XOM: enchant monster (bad)
 54792 | Slime:5  | Paralysed by a formless jellyfish for 1 turns
 54935 | Slime:5  | XOM: silly message
 54941 | Slime:5  | XOM: confuse monster(s)
 54952 | Slime:5  | Found a viscous altar of Jiyva.
 55005 | Slime:5  | Reached XP level 25. HP: 322/322 MP: 24/24
 55022 | Slime:5  | XOM: enchant monster (bad)
 55242 | Slime:5  | Killed the Royal Jelly
 55247 | Slime:5  | XOM: cast spell 'Cause Fear'
 55302 | Slime:5  | XOM: divination: detect creatures
 55303 | Slime:5  | XOM: enchant monster (good)
 55320 | Slime:5  | XOM: confuse monster(s)
 55332 | Slime:5  | XOM: silly message
 55458 | Slime:5  | Identified the +2 scale mail "Wiziem" {rF+}
 55465 | Slime:5  | Identified the +1 orcbow "Jaubbir" {flame, rElec rF+}
 55481 | Slime:5  | Identified the +2 robe of Ennui {Rampage Slay-5 Stlth+}
 55493 | Slime:5  | Found the +4 Cigotuvi's embrace {Corpsefed rMiasma Drain
                  | rN+}
 55547 | Slime:5  | Found the macabre finger necklace {Finger+ rN+}
 55589 | Slime:5  | Got a slimy rune of Zot
 55645 | Slime:5  | Identified the +7 spear of the Brain {flame, Str+5 Dex+3}
 55646 | Slime:5  | Identified the +10 orcbow of Limintaz {drain, Int+4}
 55720 | Slime:5  | XOM: silly message
 55854 | Slime:5  | XOM: silly message
 55930 | Lair:4   | XOM: noise
 56359 | Zot:1    | Entered Level 1 of the Realm of Zot
 56359 | Zot:1    | XOM: 1-stop teleportation journey
 56379 | Zot:1    | XOM: enchant monster (bad)
 56403 | Zot:1    | XOM: potion effect (brilliance)
 56407 | Zot:1    | XOM: fake destruction
 56414 | Zot:1    | XOM: polymorph ice dragon -> shapeshifter
 56416 | Zot:1    | XOM: enchant monster (good)
 56423 | Zot:1    | XOM: 1-stop teleportation journey
 56443 | Zot:1    | XOM: enchant monster (good)
 56445 | Zot:1    | XOM: polymorph tentacled monstrosity -> doom hound
 56459 | Zot:1    | XOM: potion effect (heal wounds)
 56468 | Zot:1    | XOM: scenery: summon butterflies
 56484 | Zot:1    | XOM: potion effect (brilliance)
 56534 | Zot:1    | XOM: potion effect (haste)
 56554 | Zot:1    | XOM: divination: magic mapping
 56763 | Zot:1    | XOM: silly message
 56807 | Zot:1    | Found a runed translucent door.
 56807 | Zot:1    | Found a shimmering altar of Xom.
 56807 | Zot:1    | Noticed Nonseq's ghost (legendary MfGl)
 56875 | Zot:1    | XOM: divination: magic mapping
 56883 | Zot:1    | XOM: noise
 56918 | Zot:1    | XOM: silly message
 57499 | Zot:2    | XOM: 1-stop teleportation journey
 57512 | Zot:2    | XOM: stat loss: -1 Str (28/29)
 57688 | Zot:2    | XOM: scenery: summon butterflies
 57698 | Zot:2    | XOM: chaos upgrade
 57843 | Zot:2    | XOM: polymorph green draconian monk -> quicksilver dragon
 57849 | Zot:2    | XOM: chaos upgrade
 58488 | Zot:3    | XOM: summons friendly crimson imp
 58499 | Zot:3    | Found the +4 dragonskin cloak
 58499 | Zot:3    | Noticed Tiamat
 58646 | Zot:3    | You fall into a shaft and drop 1 floor!
 58652 | Zot:4    | XOM: silly message
 58659 | Zot:4    | Noticed an ancient lich
 58790 | Zot:4    | Found a hazy altar of Hepliaklqana.
 58853 | Zot:3    | Killed Tiamat
 59159 | Zot:3    | Identified the +5 demon trident of Upheaval {drain, Will+
                  | Int+3 SInv}
 59421 | Zot:3    | XOM: chaos upgrade
 59425 | Zot:3    | XOM: give mutations
 59425 | Zot:3    | Lost mutation: You are covered in thick fur. (AC +2) [Xom's
                  | mischief]
 59425 | Zot:3    | Lost mutation: You have very sharp teeth. [Xom's mischief]
 59427 | Zot:3    | Reached XP level 26. HP: 335/339 MP: 24/24
 59575 | Zot:4    | Noticed an orb of fire
 59639 | Zot:4    | XOM: polymorph rime drake -> sky beast
 59647 | Zot:4    | XOM: polymorph sky beast -> hornet
 59648 | Zot:4    | XOM: enchant monster (bad)
 59654 | Zot:4    | XOM: summons 2 friendly demons
 59828 | Zot:4    | Found a transporter.
 59844 | Zot:4    | Found a shimmering blue altar of Sif Muna.
 59934 | Zot:4    | XOM: polymorph storm dragon -> formless jellyfish
 60222 | Zot:4    | Noticed a dread lich
 60321 | Zot:5    | Entered Level 5 of the Realm of Zot
 60505 | Zot:5    | Noticed a dread lich
 60507 | Zot:5    | XOM: confuse monster(s)
 60513 | Zot:5    | Killed a dread lich
 60514 | Zot:5    | Reached skill level 22 in Unarmed Combat
 60613 | Zot:5    | XOM: blink monster(s)
 60634 | Zot:5    | XOM: swap monsters
 60693 | Zot:5    | Noticed a dread lich
 60705 | Zot:5    | Noticed an ancient lich
 60711 | Zot:4    | XOM: noise
 60714 | Zot:4    | Killed a dread lich
 60770 | Zot:5    | XOM: summons 2 friendly demons
 60780 | Zot:4    | Killed an ancient lich
 60843 | Zot:5    | XOM: cast spell 'Chain of Chaos'
 60846 | Zot:5    | XOM: give mutation
 60846 | Zot:5    | Lost mutation: Your mind is very acute. (Int +8, Str/Dex
                  | -2) [Xom's mischief]
 60959 | Zot:4    | XOM: polymorph Killer Klown -> titan
 60967 | Zot:4    | XOM: confusion
 61072 | Zot:4    | XOM: give mutations
 61072 | Zot:4    | Lost mutation: A frigid envelope surrounds you and freezes
                  | all who hurt you. [Xom's mischief]
 61072 | Zot:4    | Lost mutation: You are very robust. (+20% HP) [Xom's
                  | mischief]
 61072 | Zot:4    | Lost intelligence.
 61072 | Zot:4    | Lost mutation: Your mind is acute. (Int +4, Str/Dex -1)
                  | [Xom's mischief]
 61081 | Zot:4    | XOM: polymorph Killer Klown -> shard shrike
 61214 | Zot:5    | XOM: give mutation
 61214 | Zot:5    | Gained mutation: You possess an exceptional clarity of
                  | mind. [Xom's grace]
 61319 | Zot:5    | XOM: 5-stop teleportation journey
 61453 | Zot:5    | Noticed an orb of fire
 61776 | Zot:5    | Noticed an orb of fire
 61777 | Zot:5    | Gained mutation: You occasionally lose the ability to read
                  | scrolls when taking damage. [an orb of fire]
 61777 | Zot:5    | XOM: butterfly on damage
 61793 | Zot:4    | Killed an orb of fire
 61882 | Zot:5    | Noticed a dread lich
 61890 | Zot:4    | Killed a dread lich
 61942 | Zot:4    | XOM: swap monsters
 61950 | Zot:4    | XOM: swap monsters
 61953 | Zot:4    | Killed an orb of fire
 61954 | Zot:4    | Reached skill level 23 in Unarmed Combat
 62265 | Zot:5    | XOM: silly message
 62491 | Zot:5    | XOM: smoke on damage
 62920 | Zot:5    | Reached XP level 27. HP: 320/320 MP: 24/24
 62929 | Zot:5    | XOM: cast spell 'Disjunction'
 63068 | Zot:5    | XOM: enchant monster (bad)
 63076 | Zot:5    | XOM: scenery: create altars
 63156 | Zot:5    | Got the Orb of Zot
 63208 | Zot:5    | XOM: polymorph Orb Guardian -> shadow dragon
 63254 | Zot:4    | XOM: summons friendly crimson imp
 63263 | Zot:4    | XOM: repel stairs
 63267 | Zot:4    | XOM: confuse monster(s)
 63269 | Zot:4    | XOM: silly message
 63513 | D:13     | Noticed Dakk the pandemonium lord
 63626 | D:8      | Identified the +1 great mace of the Chewing Gods {protect,
                  | rN++ Int+3}
 63837 | D:$      | Escaped with the Orb!

Illustrated notes

Levels and vault maps discovered:
D:1:      lightli_arrival_flooded_house, layout_basic, st_stairs_6,
          chequers_serial_rivers_micro_b, minmay_door_square
D:2:      layout_basic, shapermc_ecumenical_altar_flowoftime, uniq_terence
D:3:      layout_loops_ring, mainiacjoe_overflow_tiny_flanked, serial_shops,
          nicolae_shop_peninsula, serial_bayou_pond_e
D:4:      layout_basic, minmay_temple_entry_butterflies
D:5:      layout_rooms, cheibriados_altar_1
D:6:      layout_basic, grunt_qazlal_clouds, uniq_sigmund
D:7:      minmay_the_grid_octo_tiled_octocenter
          [minmay_the_grid_octo_tetromino_candy, minmay_the_grid_octo_77,
          minmay_the_grid_octo_chip, minmay_the_grid_octo_fan_narrow,
          minmay_the_grid_octo_prize_star,
          minmay_the_grid_square_5x5_almost_minimal,
          minmay_the_grid_square_5x5_spiral,
          minmay_the_grid_square_5x5_half_checkered,
          minmay_the_grid_square_5x5_three_small], layout_basic,
          lightli_ossuary_entry_decrepit_ruins, enter_bailey_1,
          serial_bayou_lagoon_b
D:8:      layout_basic, nemelex_spade_bored_becter, mainiacjoe_overflow_catwalk,
          mainiacjoe_overflow_swirl, lemuel_tele_altar, uniq_maurice,
          uniq_joseph, uniq_pikel, uniq_maggie
D:9:      layout_loops_cross, mainiacjoe_overflow_paths, erik_orc_1,
          uniq_gastronok, uniq_psyche
D:10:     layout_gridville, makhleb_altar_promises_db, serial_shops,
          nicolae_shop_peninsula
D:11:     layout_roguey, erik_lair_orcish_takeover, nicolae_trove_entry_crystal,
          nrook_mini_backslash
D:12:     hellmonk_crumbling_castle, layout_basic, nrook_campfire,
          minmay_shop_mass, minmay_tree_intersection, nicolae_ru_path_of_blood,
          uniq_snorg
D:13:     layout_roguey, hellmonk_vaults_order_and_chaos,
          gammafunk_ghost_mausoleum
D:14:     statuecave_lemuel, layout_irregular_city,
          nicolae_concentric_dashed_squares_wild, hangedman_decor_lopped
D:15:     grunt_enter_depths_snipers, layout_loops_cross, serial_shops,
          nicolae_shop_gaudy_bauble, st_stairs_6, tso_oasis_becter
Temple:   nicolae_temple_bog_church
Lair:1:   layout_cave_pods, uniq_grum, uniq_amaemon, uniq_erica, uniq_nergalle
Lair:2:   layout_gridlike, minmay_snake_entry_guardpost_small, uniq_urug
Lair:3:   layout_hall_layers, skrybe_swamp_entry_bodies,
          gammafunk_ghost_necromancy, wad_woods_road_02, st_stairs_6
Lair:4:   layout_gridlike
Lair:5:   evilmike_catoblepas_cave, layout_gridlike, minmay_slime_entry_pillars,
          minivault_27, grunt_forest_large_clearings
Swamp:1:  layout_basic_swamp, evilmike_swamp_ruin_rubble_2
Swamp:2:  nzn_winding_woodlands_cross [nzn_winding_woodlands_5x15_sidewinder,
          nzn_winding_woodlands_5x15_garden,
          nzn_winding_woodlands_5x15_concentric,
          nzn_winding_woodlands_5x15_zeroes,
          nzn_winding_woodlands_15x15_killbox], layout_falls_marsh,
          evilmike_swamp_ruin_house_3, swamp_pool_1_2, uniq_jorgrun
Swamp:3:  layout_basic_swamp, ebering_ghost_disaster_area,
          evilmike_swamp_ruin_house_6, swamp_pool_3
Swamp:4:  swamp, layout_basic_swamp, swamp_pool_1_2
Snake:1:  layout_gridlike, drop_trap, lemuel_fruit_tree, grunt_megastairs_5
Snake:2:  layout_onion_interference, serial_bayou_shore_a, minmay_shop_grove
Snake:3:  layout_gridlike, guppyfry_snake_island, minmay_shop_star
Snake:4:  snake_pit_salamanders_mu, layout_misc_corridors, minmay_shoptagon
Slime:1:  layout_caves
Slime:2:  layout_caves
Slime:3:  layout_caves
Slime:4:  cheibrodos_slime_lost_civilization_2, layout_caves, uniq_donald
Slime:5:  slime_pit_nicolae_trefoil
Orc:1:    layout_caves
Orc:2:    pf_orc_diabolical, layout_caves, gammafunk_ghost_berserking_beasts,
          nicolae_orc_sculptors_studio
Elf:1:    layout_gridlike, minivault_28, elves_outpost_lemuel
Elf:2:    nicolae_elf_blades_crystal_corner, layout_gridlike, serial_shops,
          nicolae_shop_peninsula, minmay_misc_feat_pillars,
          david_defended_altar_elf
Elf:3:    minmay_elf_hall_not_hex, layout_geoelf_castle, uniq_saint_roka
Vaults:1: nicolae_vaults_taking_the_gang_shopping,
          nicolae_vaults_library_corner, vaults_dpeg_diagonal,
          nicolae_vaults_closet_pinwheel_3, nicolae_vaults_trapezoid_lopsided_4,
          hangedman_vaults_capsules, dpeg_vaults_monster_box,
          nicolae_vaults_closet_pinwheel_1, nicolae_vaults_tetromino_T_1,
          layout_vaults_omnigrid, serial_shops, shop
Vaults:2: vaults_standard_mumra_x, vaults_standard_mumra_enter_the_diamond,
          vaults_mumra_chevron, nicolae_vaults_closet_pinwheel_2,
          nicolae_vaults_security_offices_1, v_misc_23,
          nicolae_vaults_closet_pinwheel_1, nicolae_vaults_rhombus_7,
          nicolae_vaults_house_2, nicolae_vaults_six-pack,
          nicolae_vaults_apartment_1, nicolae_vaults_more_shelving_1,
          nicolae_vaults_trapezoid_lopsided_3, vaults_dpeg_hooks,
          layout_vaults_omnicross, serial_shops, shop
Vaults:3: portal_desolation_entry_nicolae_nacl, hangedman_vaults_unwind,
          minmay_crypt_entry_simple_sparse, vaults_room_stairs_pillars,
          nicolae_vaults_surprise_closet, hangedman_vaults_stream,
          vaults_room_door_ring, v_misc_2, nicolae_vaults_branching_niches,
          vaults_room_pool, nicolae_vaults_wine_cellar,
          nicolae_vaults_more_shelving_2, nicolae_vaults_gold_heap,
          nicolae_vaults_two_Ls, layout_vaults_ring
Vaults:4: gammafunk_ghost_wrathful_warriors, hangedman_vaults_stitches,
          v_misc_16, ontoclasm_vaults_fault, nicolae_vaults_apartment_1,
          nicolae_vaults_diagonal_hallway_9, grunt_vaults_hallway_short,
          nicolae_vaults_trapezoid_1, nicolae_vaults_specimen_jars,
          nicolae_vaults_diamond_2, nicolae_vaults_mini_display_case,
          layout_vaults_chaotic_city, uniq_sojobo
Crypt:1:  layout_rooms, amcnicky_mini_pool_small, grunt_ministairs_10,
          grunt_crypt_arrival_split, uniq_jory
Crypt:2:  layout_catacombs, basic_altar, mu_enter_wizlab_4, uniq_khufu
Crypt:3:  david_glass_crypt, layout_misc_corridors, tomb_entry_simple_bobbens,
          serial_sigils_hangedman_stare, roderic_lattice_octagonal_star
Depths:1: layout_cave_pools, hellmonk_ghost_happy_afterlife, pan_entry,
          abyss_entry, lightli_too_deep, nicolae_specific_store,
          nicolae_shop_overcharged_wands, uniq_aizul
Depths:2: kennysheep_large_spiral, layout_basic, enter_ziggurat_c, led_sif_pool,
          hell_entry, grunt_pan_entry_sceptre, nicolae_figureground_pulse
Depths:3: thingy_vault_2, layout_gridville, bloody_trog, abyss_entry,
          serial_shops, statue_bzr, hangedman_geh_valley,
          nicolae_hepliaklqana_monster_ancestors, uniq_mennas
Depths:4: grunt_twist_and_shout, layout_basic, serial_shops,
          nicolae_shop_bloodbath_and_beyond, shop, shop_fountains, hell_entry,
          abyss_entry, ebering_ghost_rock_garden, serial_bayou_pond_d,
          nzn_wu_jian_council_hall, uniq_frederick
Zot:1:    layout_onion, ebering_ghost_xom,
          regret_index_zotdec_barnacled_alternative,
          hangedman_elemental_corridor
Zot:2:    evilmike_crystal_ball_defense, layout_misc_corridors,
          regret_index_zotdec_zees, st_stairs_1, uniq_grunn
Zot:3:    layout_gridville, uniq_tiamat
Zot:4:    gammafunk_sealed_library, layout_twisted_circle, basic_altar,
          hangedman_zot_decor_checkerboard, zot_minivault_7
Zot:5:    layout_misc_corridors

Skill      XL: |  1  2  3  4  5  6  7  8  9 10 11 12 13 14 15 16 17 18 19 20 21 22 23 24 25 26 27 |
---------------+----------------------------------------------------------------------------------+-----
Unarmed Combat | 4 5 6 8 10 12 13 14 15 16 17 18 19 20 21 23 | 23.0
Fighting       | 3 4 5 6 7 8 9 10 11 12 14 15 17 19 20 | 20.4
Throwing       | 2 6 7 10 12 13 14 16 17 20 | 20.0
Evocations     | 3 4 5 6 8 10 11 12 | 12.0
Armour         | 4 5 6 8 9 11 12 13 15 16 17 | 17.1
Dodging        | 3 5 6 9 10 11 | 11.9
Shields        | 5 8 10 13 15 16 | 16.5

Action                     |  1- 3 |  4- 6 |  7- 9 | 10-12 | 13-15 | 16-18 | 19-21 | 22-24 | 25-27 || total
---------------------------+-------+-------+-------+-------+-------+-------+-------+-------+-------++-------
  Melee: Unarmed           |    86 |    71 |   217 |   435 |   883 |  1145 |  1401 |  1830 |  1088 ||  7156
         Kick              |     2 |    14 |    53 |   108 |   303 |   482 |   635 |   307 |       ||  1904
         Peck              |     2 |     6 |    20 |    88 |   187 |   309 |   201 |       |       ||   813
         Punch             |     1 |     2 |    11 |    31 |    20 |       |       |       |       ||    65
         Bite              |       |       |       |       |       |       |   123 |   379 |   116 ||   618
  Throw: Stone             |     5 |     3 |    17 |    22 |       |       |       |       |       ||    47
         Dart              |       |       |     2 |    25 |       |     3 |     2 |     5 |     1 ||    38
         Javelin           |       |       |     2 |     2 |    12 |    14 |    14 |    25 |    40 ||   109
         Large rock        |       |       |       |    16 |     2 |    15 |    46 |    70 |   290 ||   439
         Boomerang         |       |       |       |    17 |   176 |   302 |    66 |    40 |       ||   601
         Throwing net      |       |       |       |     1 |       |       |     1 |     2 |       ||     4
  Evoke: Wand              |       |       |     3 |    22 |     5 |    10 |     9 |    16 |    20 ||    85
         Phial of floods   |       |       |       |     1 |     1 |     1 |       |     2 |       ||     5
         Tin of tremorston |       |       |       |     2 |     2 |     4 |       |       |     1 ||     9
         Sack of spiders   |       |       |       |       |       |     1 |     2 |     2 |     2 ||     7
         Lightning rod     |       |       |       |       |       |       |     7 |     4 |     6 ||    17
         Phantom mirror    |       |       |       |       |       |       |     2 |     2 |     1 ||     5
    Use: Scroll            |       |     4 |     9 |    15 |    19 |     4 |    12 |     7 |    18 ||    88
         Potion            |       |       |       |       |     5 |     6 |     8 |    12 |    11 ||    42
   Stab: Sleeping          |       |     1 |       |       |     1 |     4 |       |       |       ||     6
         Paralysed         |       |       |       |     2 |       |       |       |       |     1 ||     3
         Confused          |       |       |       |     1 |     1 |     2 |     9 |    10 |     6 ||    29
         Invisible         |       |       |       |     6 |     2 |       |     5 |    22 |       ||    35
         Distracted        |       |       |       |       |     2 |     5 |     5 |     1 |     2 ||    15
         Held in net/web   |       |       |       |       |       |       |     1 |     4 |       ||     5
         Petrified         |       |       |       |       |       |       |     1 |       |       ||     1
 Armour: Robe              |    41 |    44 |   185 |    60 |       |       |       |       |       ||   330
         Swamp dragon scal |       |       |       |   282 |   595 |   824 |   136 |       |       ||  1837
         Gold dragon scale |       |       |       |       |       |       |   925 |  1160 |  1098 ||  3183
         Skin              |       |       |       |       |       |       |       |       |     2 ||     2
  Dodge: Dodged            |    29 |    24 |   104 |   150 |   233 |   344 |   208 |   335 |   280 ||  1707
  Block: Kite shield       |       |       |       |       |   266 |   628 |   778 |  1036 |   702 ||  3410
         Reflection        |       |       |       |       |     3 |       |       |       |       ||     3

Table legend: (Time is in decaauts)
 A = Elapsed time spent in this place.
 B = Non-inter-level travel time spent in this place.
 C = Inter-level travel time spent in this place.
 D = Time resting spent in this place.
 E = Time spent auto-exploring this place.
 F = Levels seen in this place.
 G = Mean time per level.
                   A        B        C        D        E       F      G
               +--------+--------+--------+--------+--------+-----+--------+
         Total |  61811 |  54763 |   7048 |   6974 |  28281 |  58 | 1065.7 |
       Dungeon |  15578 |  12778 |   2800 |   1151 |   7983 |  15 | 1038.5 |
        Temple |      1 |      1 |      0 |      0 |      0 |   1 |    1.0 |
          Lair |   7195 |   6020 |   1175 |    955 |   3322 |   5 | 1439.0 |
         Swamp |   2801 |   2579 |    222 |    186 |   1266 |   4 |  700.2 |
     Snake Pit |   5213 |   4765 |    448 |    597 |   2464 |   4 | 1303.2 |
    Slime Pits |   3293 |   3138 |    155 |    260 |   1552 |   5 |  658.6 |
  Orcish Mines |   2312 |   2060 |    252 |    499 |    695 |   2 | 1156.0 |
   Elven Halls |   3590 |   3456 |    134 |    470 |   1732 |   3 | 1196.7 |
        Vaults |   6005 |   5462 |    543 |    350 |   3176 |   4 | 1501.2 |
         Crypt |   3363 |   3187 |    176 |    239 |   1975 |   3 | 1121.0 |
        Depths |   4812 |   4280 |    532 |    408 |   2118 |   4 | 1203.0 |
           Zot |   6688 |   6077 |    611 |   1753 |   1764 |   5 | 1337.6 |
         Trove |    158 |    158 |      0 |      0 |     36 |   1 |  158.0 |
        Bailey |    183 |    183 |      0 |     15 |      0 |   1 |  183.0 |
        Wizlab |    613 |    613 |      0 |     85 |    197 |   1 |  613.0 |
               +--------+--------+--------+--------+--------+-----+--------+

Top non-repeatable levels by time:
   Zot:4: 1939 daAuts
  Lair:5: 1917 daAuts
   Elf:3: 1839 daAuts
   Orc:2: 1805 daAuts
Vaults:3: 1754 daAuts
Depths:2: 1744 daAuts
   Zot:5: 1727 daAuts
     D:9: 1667 daAuts
Vaults:1: 1615 daAuts
  Lair:2: 1475 daAuts
  Lair:3: 1473 daAuts
    D:12: 1464 daAuts
 Crypt:2: 1452 daAuts
 Snake:2: 1423 daAuts
 Snake:4: 1419 daAuts
